 Dungeon Crawl Stone Soup version 0.25-a0-782-g655279ceaa (webtiles) character file.

Game seed: 1057847684328041725, levelgen mode: deterministic

1044616 kraedy the Conqueror (level 27, 0/199 HPs)
             Began as a Gargoyle Fighter on Apr 14, 2020.
             Was a High Priest of the Shining One.
             Killed from afar by a hellion (16 damage)
             ... with damnation
             ... in Pandemonium on Apr 16, 2020.
             The game lasted 10:28:45 (86493 turns).

kraedy the Conqueror (Gargoyle Fighter)            Turns: 86493, Time: 10:28:45

Health: 0/199      AC: 62    Str: 29      XL:     27
Magic:  51/51      EV: 12    Int: 10      God:    the Shining One [*****.]
Gold:   7253       SH: 10    Dex: 11 (12) Spells: 35/57 levels left

rFire    + + .     SeeInvis +   P - +9 trishula (holy)
rCold    + + +     Gourm    .   v - +0 buckler "Qaduwna" {MR++ rCorr Int-3}
rNeg     + + +     Faith    .   e - +8 orange crystal plate armour {Archmagi, Int+3 Clar}
rPois    ∞         Spirit   .   d - +2 helmet {SInv}
rElec    +         Reflect  .   o - scarf {rC+ rF+}
rCorr    +         Harm     .   T - +2 pair of gloves of Ytoma {+Inv rC++}
MR       ++++.     Clarity  +   N - +2 pair of boots {run}
Stlth    ..........             G - amulet of Deosezy {RegenMP MP+9 Str-3 Dex+3}
HPRegen  0.43/turn              J - +5 ring of slaying
MPRegen  0.57/turn              W - ring of protection from fire

@: flying, hasted, glowing, very quick
A: big wings, deformed body, negative energy resistance 1, electricity
resistance, unbreathing, petrification resistance, rot immunity, subdued magic
1, AC +20
}: 8/15 runes: serpentine, barnacled, silver, golden, iron, obsidian, icy, bone
a: Stop Flying, Divine Shield, Cleansing Flame, Summon Divine Warrior, Renounce
Religion, Evoke Invisibility


You were in Pandemonium.
You worshipped the Shining One.
The Shining One was extremely pleased with you.
You were not hungry.

You visited 17 branches of the dungeon, and saw 81 of its levels.
You visited Pandemonium 1 time, and saw 1 of its levels.
You visited the Abyss 1 time.
You also visited: Sewer.

You collected 14239 gold pieces.
You spent 6986 gold pieces at shops.

Inventory:

Hand Weapons
 t - a +8 vorpal trident
 P - a +9 trishula of holy wrath (weapon)
Armour
 d - a +2 helmet of see invisible (worn)
 e - the +8 orange crystal plate armour (worn) {Archmagi, Int+3 Clar}
   (Okawaru gifted it to you on level 15 of the Dungeon)

   It affects your intelligence (+3).
   It protects you against confusion.
 o - a scarf of resistance (worn)
 q - a scarf of cloud immunity
 v - the +0 buckler "Qaduwna" (worn) {MR++ rCorr Int-3}
   (You bought it in a shop on level 4 of the Shoals)

   It affects your intelligence (-3).
   It affects your resistance to hostile enchantments.
   It provides partial protection from all sources of acid and corrosion.
 L - the +0 hat "Igges" {rC+ rN+ Stlth+}
   (Okawaru gifted it to you on level 2 of the Snake Pit)

   It protects you from cold.
   It protects you from negative energy.
   It makes you more stealthy.
 N - a +2 pair of boots of running (worn)
 Q - a scarf of repulsion
 T - the +2 pair of gloves of Ytoma (worn) {+Inv rC++}
   (Okawaru gifted it to you on level 5 of the Depths)

   It greatly protects you from cold.
   It lets you turn invisible.
Jewellery
 p - the macabre finger necklace {rN+}
   (You bought it in a shop on level 4 of the Depths)

   [amulet of nothing]

   It protects you from negative energy.
 u - the ring "Sidghaomp" {MR++ Dex-5 Slay+2 Stlth+}
   (You bought it in a shop on level 4 of the Depths)

   [ring of stealth]

   It affects your dexterity (-5).
   It affects your accuracy and damage with ranged weapons and melee attacks
   (+2).
   It affects your resistance to hostile enchantments.
   It makes you more stealthy.
 G - the amulet of Deosezy (around neck) {RegenMP MP+9 Str-3 Dex+3}
   (You took it off a vampire mage on level 2 of the Crypt)

   [amulet of magic regeneration]

   It increases your magic regeneration.
   It affects your strength (-3).
   It affects your dexterity (+3).
   It affects your magic capacity (+9).
 J - a +5 ring of slaying (left hand)
 R - the ring of Mupt {+Blink MR- MP+9 Dex+4}
   (You found it on level 6 of the Lair of Beasts)

   [ring of magical power]

   It affects your dexterity (+4).
   It affects your resistance to hostile enchantments.
   It affects your magic capacity (+9).
   It lets you blink.
 S - an uncursed amulet of regeneration
 W - a ring of protection from fire (right hand)
 X - the ring of Oqyuw {rPois rF- rC++ Stlth-}
   (You took it off a frost giant on level 5 of the Vaults)

   [ring of attention]

   It makes you vulnerable to fire.
   It greatly protects you from cold.
   It protects you from poison.
   It makes you less stealthy.
 Y - the ring of Robustness {AC+8}
   (You took it off a deep elf demonologist on level 3 of the Elven Halls)

   [ring of protection]

   It affects your AC (+8).
Wands
 b - a wand of digging (17)
Scrolls
 j - 27 scrolls of remove curse
 k - 11 scrolls of blinking
 m - 8 scrolls of magic mapping
 r - 18 scrolls of teleportation
 w - a scroll of silence
 A - 4 scrolls of summoning
 B - 5 scrolls of fog
 F - 3 scrolls of identify
Potions
 a - 6 potions of magic
 g - 4 potions of cancellation
 h - 12 potions of brilliance
 s - 19 potions of curing
 x - 7 potions of resistance
 z - 2 potions of ambrosia
 C - 5 potions of haste
 E - 2 potions of berserk rage
 K - 2 potions of might
Miscellaneous
 c - a figurine of a ziggurat
 U - 8 phantom mirrors
Comestibles
 f - 45 rations


   Skills:
 O Level 27 Fighting
 * Level 26.7 Polearms
 * Level 22.3 Armour
 * Level 11.7 Dodging
 + Level 24.2 Shields
 * Level 15.7 Spellcasting
 * Level 12.0 Translocations
 O Level 27 Invocations
 + Level 13.1 Evocations


You had 35 spell levels left.
You knew the following spells:

 Your Spells              Type           Power        Failure   Level  Hunger
a - Blink                 Tloc           N/A          1%          2    None
b - Recall                Summ/Tloc      N/A          14%         3    None
c - Teleport Other        Tloc           #####...     1%          3    None
d - Dispersal             Tloc           #####.....   52%         6    ######.
e - Controlled Blink      Tloc           N/A          100%        8    #######

Your spell library contained the following spells:

 Spells                   Type           Power        Failure   Level  Hunger
 Apportation              Tloc           #####.       1%          1    None
 Gell's Gravitas          Tloc           #####.....   1%          3    None
 Lesser Beckoning         Tloc           #####.....   1%          3    None
 Passage of Golubria      Tloc           N/A          3%          4    ###....
 Shroud of Golubria       Chrm/Tloc      ###...       7%          2    None
 Portal Projectile        Hex/Tloc       ###...       14%         3    None
 Iskenderun's Mystic Bla  Conj/Tloc      ###.....     45%         4    ###....
 Animate Skeleton         Necr           N/A          50%         1    None
 Beastly Appendage        Tmut           #.....       50%         1    None
 Corona                   Hex            #......      50%         1    None
 Freeze                   Ice            #...         50%         1    None
 Infusion                 Chrm           #...         50%         1    None
 Magic Dart               Conj           #...         50%         1    None
 Pain                     Necr           #...         50%         1    None
 Sandblast                Erth           #.....       50%         1    None
 Shock                    Conj/Air       #...         50%         1    None
 Sting                    Tmut/Pois      #...         50%         1    None
 Summon Butterflies       Summ           #.......     50%         1    None
 Summon Small Mammal      Summ           #...         50%         1    None
 Call Imp                 Summ           #.......     65%         2    None
 Corpse Rot               Necr/Air       N/A          65%         2    None
 Ensorcelled Hibernation  Hex/Ice        #.....       65%         2    None
 Passwall                 Tmut/Erth      #.......     65%         2    None
 Poisonous Vapours        Pois/Air       #.....       65%         2    None
 Searing Ray              Conj           #.....       65%         2    None
 Slow                     Hex            #.......     65%         2    None
 Song of Slaying          Chrm           #.......     65%         2    None
 Sticks to Snakes         Tmut           #.......     65%         2    None
 Swiftness                Chrm/Air       #.......     65%         2    None
 Summon Forest            Summ/Tloc      ###.......   80%         5    #####..
 Call Canine Familiar     Summ           #.......     87%         3    None
 Confusing Touch          Hex            #.......     87%         3    None
 Conjure Flame            Conj/Fire      #.......     87%         3    None
 Dazzling Flash           Conj/Hex       #.....       87%         3    None
 Frozen Ramparts          Ice            #.....       87%         3    None
 Ignite Poison            Fire/Tmut/Pois #.......     87%         3    None
 Inner Flame              Hex/Fire       #.......     87%         3    None
 Mephitic Cloud           Conj/Pois/Air  #.......     87%         3    None
 Ozocubu's Armour         Chrm/Ice       #.......     87%         3    None
 Spectral Weapon          Hex/Chrm       #.......     87%         3    None
 Spider Form              Tmut/Pois      #.........   87%         3    None
 Stone Arrow              Conj/Erth      #.....       87%         3    None
 Summon Guardian Golem    Hex/Summ       #.......     87%         3    None
 Tukima's Dance           Hex            #.......     87%         3    None
 Vampiric Draining        Necr           #.........   87%         3    None
 Cause Fear               Hex            #.........   99%         4    ###....
 Dispel Undead            Necr           #.......     99%         4    ###....
 Fulminant Prism          Conj/Hex       #.........   99%         4    ###....
 Hailstorm                Conj/Ice       #.......     99%         4    ###....
 Ice Form                 Ice/Tmut       #.......     99%         4    ###....
 Leda's Liquefaction      Hex/Erth       #.........   99%         4    ###....
 Olgreb's Toxic Radiance  Pois           #.......     99%         4    ###....
 Petrify                  Tmut/Erth      #.......     99%         4    ###....
 Sticky Flame             Conj/Fire      #.......     99%         4    ###....
 Summon Ice Beast         Ice/Summ       #.......     99%         4    ###....
 Summon Lightning Spire   Summ/Air       #.......     99%         4    ###....
 Agony                    Necr           #.......     100%        5    #####..
 Alistair's Intoxication  Tmut/Pois      #.......     100%        5    #####..
 Aura of Abjuration       Summ           #.........   100%        5    #####..
 Blade Hands              Tmut           #.........   100%        5    #####..
 Bolt of Magma            Conj/Fire/Erth #.........   100%        5    #####..
 Borgnjor's Vile Clutch   Necr/Erth      #.........   100%        5    #####..
 Excruciating Wounds      Chrm/Necr      #.........   100%        5    #####..
 Irradiate                Conj/Tmut      #.........   100%        5    #####..
 Iskenderun's Battlesphe  Conj/Chrm      #.......     100%        5    #####..
 Lee's Rapid Deconstruct  Erth           #.........   100%        5    #####..
 Metabolic Englaciation   Hex/Ice        #.........   100%        5    #####..
 Silence                  Hex/Air        #.........   100%        5    #####..
 Summon Demon             Summ           #.........   100%        5    #####..
 Summon Mana Viper        Hex/Summ       #.......     100%        5    #####..
 Yara's Violent Unravell  Hex/Tmut       #.........   100%        5    #####..
 Darkness                 Hex            #.........   100%        6    ######.
 Deflect Missiles         Chrm/Air       #.........   100%        6    ######.
 Eringya's Noxious Bog    Tmut/Pois      #.........   100%        6    ######.
 Freezing Cloud           Conj/Ice/Air   #.........   100%        6    ######.
 Invisibility             Hex            #.......     100%        6    ######.
 Iron Shot                Conj/Erth      #.........   100%        6    ######.
 Ozocubu's Refrigeration  Ice            #.........   100%        6    ######.
 Shadow Creatures         Summ           N/A          100%        6    ######.
 Simulacrum               Ice/Necr       #.........   100%        6    ######.
 Dragon Form              Tmut           #.........   100%        7    #######
 Haunt                    Necr/Summ      #.........   100%        7    #######
 Malign Gateway           Summ/Tloc      ###.......   100%        7    #######
 Monstrous Menagerie      Summ           #.........   100%        7    #######
 Ring of Flames           Chrm/Fire      #.........   100%        7    #######
 Spellforged Servitor     Conj/Summ      #.........   100%        7    #######
 Summon Greater Demon     Summ           #.........   100%        7    #######
 Summon Hydra             Summ           #.........   100%        7    #######
 Borgnjor's Revivificati  Necr           #.........   100%        8    #######
 Chain Lightning          Conj/Air       #.........   100%        8    #######
 Death's Door             Chrm/Necr      #.........   100%        8    #######
 Discord                  Hex            #.........   100%        8    #######
 Disjunction              Tloc           #####.....   100%        8    #######
 Infestation              Necr           #.........   100%        8    #######
 Lehudib's Crystal Spear  Conj/Erth      #.........   100%        8    #######
 Necromutation            Tmut/Necr      #.........   100%        8    #######
 Summon Horrible Things   Summ           #.........   100%        8    #######
 Absolute Zero            Ice            #.........   100%        9    #######
 Dragon's Call            Summ           #.........   100%        9    #######
 Fire Storm               Conj/Fire      #.........   100%        9    #######
 Shatter                  Erth           #.........   100%        9    #######
 Tornado                  Air            #.........   100%        9    #######
 Sublimation of Blood     Necr           Unusable     N/A         2    N/A
 Statue Form              Tmut/Erth      Unusable     N/A         6    N/A

Dungeon Overview and Level Annotations

Branches:
Dungeon (15/15)            Temple (1/1) D:6            Lair (6/6) D:9
 Shoals (4/4) Lair:3        Snake (4/4) Lair:2        Slime (1/5) Lair:6
    Orc (2/2) D:9             Elf (3/3) Orc:2        Vaults (5/5) D:14
  Crypt (3/3) Vaults:2       Tomb (3/3) Crypt:3      Depths (5/5) D:15
   Hell (visited)             Dis (7/7) Hell            Geh (7/7) Hell
    Coc (7/7) Hell            Tar (7/7) Hell            Zot (0/5) Depths:5
  Sewer (visited)

Altars:
Ashenzari
Cheibriados
Dithmenos
Elyvilon
Fedhas
Gozag
Hepliaklqana
Kikubaaqudgha
Makhleb
Nemelex Xobeh
Okawaru
Qazlal
Ru
Sif Muna
Trog
Uskayaw
Vehumet
Wu Jian
Xom
Yredelemnul
Zin
The Shining One
Jiyva

Shops:
D:4 ?   D:13 !!%?!   D:15 =:*   Orc:2 *[(=   Elf:2 :   Shoals:1 (   Shoals:3 *
Shoals:4 [   Snake:1 !*(}   Vaults:1 *   Vaults:2 [   Vaults:3 *   Vaults:5 !??
Depths:3 }=}   Depths:4 *=

Portals:
Hell: Depths:1 Depths:2 Depths:3 Depths:4 Depths:5
Abyss: Depths:4
Pandemonium: Depths:3
Ziggurat: Depths:5

Annotations:
Lair:5 exclusion: 2 oklob plants
Shoals:4 Roxanne


Innate Abilities, Weirdness & Mutations

You are resistant to torment.
Your stone body is resilient. (AC +20)
You are immune to poison.
Your large and strong wings let you fly indefinitely.
You resist negative energy. (rN+)
You are resistant to electric shocks. (rElec)
You can survive without breathing.
You are immune to petrification.
You are immune to rotting.
Armour fits poorly on your strangely shaped body.
Your spells are a little easier to cast, but a little less powerful.


Message History

The hellion gestures at you.
The sphere of damnation explodes!
The damnation engulfs you!!! The damnation engulfs your daeva!!
The hellion gestures at you.
The sphere of damnation explodes!
The damnation engulfs you! The damnation engulfs your daeva!!
A hellion comes into view.
The hellion gives a hideous shriek! x2
The hellion gestures at you.
The sphere of damnation explodes!
The damnation engulfs you!! The hellion gestures at you.
The sphere of damnation explodes!
The damnation engulfs you!!!
* * * LOW HITPOINT WARNING * * *
The hellion gestures at you.
The sphere of damnation explodes!
The damnation engulfs you!!
* * * LOW HITPOINT WARNING * * *
Found a glowing dagger and a demonic rune of Zot.
The hellion gestures at you.
The sphere of damnation explodes!
The damnation engulfs you!
You die...

#...........######............
####........# #.......∩....
#........# #............
#........# #.##########.
#.......§######.# #.
###.....§§§§§§....# #.
#.......§§§§§§.^..# #.
#.......§§§§§.....##########.
#.........§§@§...............
#.........§§A§...4...........
#...........§§.≈≈§≈..........
#.........§§..≈≈≈≈≈≈≈........
#..........§§§≈≈≈§§≈≈≈≈≈.....
#..........≈§≈§§Y2≈§≈≈≈≈.....
#.........≈≈≈≈≈§222§§≈≈≈≈....
#.........≈§≈≈2§..2..≈§§§≈...
#........≈≈§§..:)φ.22≈≈≈§§...


You could see a hellephant (dazed), a hellwing (dazed), 4 hellions and a
friendly daeva.

Vanquished Creatures
  Antaeus (Coc:7)
  Asmodeus (Geh:7)
  the Serpent of Hell (Dis:7)
  Khufu (Tomb:1)
  Dispater (Dis:7)
  2 ancient liches
  Mara (Shoals:4)
  A juggernaut (Depths:2)
  8 greater mummies
  6 shard shrikes
  Margery (Vaults:3)
  A pandemonium lord (Pan)
  Geryon (Hell)
  3 caustic shrikes (Depths:5)
  Xtahua (Crypt:1)
  3 golden dragons
  Jory (Crypt:3)
  4 iron giants
  11 bone dragons
  24 Tzitzimimeh
  The ghost of bmpenner the Warrior, an adept OgFE of Hepliaklqana (Elf:3)
  3 Hell Sentinels (Dis:7)
  16 Brimstone Fiends
  8 doom hounds
  5 tentacled monstrosities
  Jorgrun (Snake:3)
  18 Ice Fiends
  9 liches
  Rupert (D:13)
  5 deep elf blademasters
  15 titans
  3 quicksilver dragons
  3 deep elf master archers
  17 ancient champions
  3 Executioners
  14 sphinxes
  Kirke (D:13)
  The ghost of Pairaxt the Severer, an adept DDFi of Makhleb (Shoals:2)
  Agnes (Snake:2)
  The ghost of Kuothruwau the Impaler, an adept MfIE of Makhleb (Snake:3)
  9 shadow dragons
  6 tengu reavers
  A storm dragon (Vaults:5)
  Donald (Shoals:3)
  27 nagarajas
  Ilsuiw (Shoals:4)
  20 fire giants
  7 large abominations
  4 revenants
  21 frost giants
  11 deep elf sorcerers
  A ghost moth (shapeshifter) (Depths:4)
  Aizul (Snake:1)
  A curse skull (Crypt:2)
  An orc warlord (Orc:1)
  2 iron dragons (Hell)
  18 vault wardens
  10 balrugs
  4 cacodemons
  A juggernaut zombie (D:15)
  Louise (D:15)
  A draconian shifter (Depths:5)
  7 deep elf elementalists
  7 ghouls
  A draconian annihilator (Depths:5)
  21 very ugly things
  49 reapers
  3 elemental wellsprings (Coc:7)
  19 ironheart preservers
  29 stone giants
  11 war gargoyles
  13 vampire knights
  5 entropy weavers
  6 bennus
  7 deep elf annihilators
  8 deep elf demonologists
  A black draconian (Depths:5)
  A white draconian (Depths:5)
  6 dire elephants (Lair:6)
  3 spectral titans
  A yellow draconian (Depths:5)
  4 spark wasps (Depths:3)
  Snorg (D:13)
  3 green deaths
  11 deep elf death magi
  8 eidola
  9 blizzard demons
  18 mummy priests
  15 ettins
  22 jiangshi
  8 quicksilver dragon zombies
  Josephine (Lair:4)
  4 merfolk javelineers (Shoals:4)
  11 fire dragons
  9 merfolk impalers
  15 great orbs of eyes
  18 yaktaur captains
  6 small abominations
  4 rakshasas
  3 kraken zombies
  19 naga warriors
  An ice dragon (shapeshifter) (Vaults:4)
  Harold (D:7)
  7 deep elf high priests
  2 hell beasts
  15 ice dragons
  12 death knights
  2 quicksilver dragon skeletons
  3 ghost crabs
  7 hydras
  6 spriggan air magi
  28 vault guards
  2 merfolk avatars (Shoals:4)
  29 ogre magi
  2 catoblepae (Lair:6)
  2 alligator snapping turtles
  17 anacondas
  6 centaur warriors
  39 two-headed ogres
  Erica (D:11)
  10 merfolk aquamancers
  35 dancing weapons
  6 death yaks (Lair:6)
  28 death scarabs
  12 tengu warriors
  2 satyrs
  6 deep troll shamans
  14 deep troll earth magi
  4 orc high priests
  3 spriggan berserkers
  12 vampire magi
  5 shock serpents
  16 naga sharpshooters
  9 titan zombies
  Urug (Orc:1)
  5 iron golems
  57 hell knights
  37 hell hogs
  A shock serpent (shapeshifter) (Depths:4)
  11 soul eaters
  4 iron trolls
  3 storm dragon zombies
  24 deep elf knights
  11 sun demons
  Sonja (Orc:1)
  16 shadow wraiths
  3 salamander mystics
  6 storm dragon skeletons
  176 skeletal warriors
  A sixfirhy (Pan)
  7 titan skeletons
  2 unseen horrors (shapeshifter)
  3 ghost moth zombies
  A torturous demonspawn (Pan)
  A spark wasp zombie (Crypt:1)
  A death drake (Tar:6)
  7 unseen horrors
  13 sea snakes
  4 golden dragon zombies
  18 shadow demons
  7 naga ritualists
  3 glowing orange brains
  A lindwurm (shapeshifter) (Depths:4)
  A sea snake (shapeshifter) (Vaults:5)
  7 shadow dragon zombies
  27 deep trolls
  24 flayed ghosts
  5 wizards
  A golden dragon skeleton (Geh:5)
  Pikel (D:6)
  11 anaconda zombies
  2 wolf spider zombies
  17 deep elf archers
  15 ironbrand convokers
  63 deep elf magi
  A mana viper (shapeshifter) (D:11)
  15 orc knights
  7 anaconda skeletons
  27 phantasmal warriors
  18 harpies
  11 mana vipers
  17 necromancers
  5 tengu zombies
  A wolf spider (shapeshifter) (Vaults:3)
  6 stone giant zombies
  8 shadow dragon skeletons
  4 wolf spiders
  8 iron dragon zombies
  15 salamanders
  38 ugly things
  7 cyclopes
  7 fauns (Shoals:3)
  10 manticores
  A salamander (shapeshifter) (Vaults:4)
  5 orc sorcerers
  2 tengu skeletons
  7 fire giant zombies
  4 elephants (Lair:6)
  6 shock serpent zombies
  7 fire giant skeletons
  14 frost giant zombies
  3 black mambas (shapeshifter)
  Joseph (D:7)
  10 merfolk sirens
  42 black mambas
  7 dire elephant zombies
  5 frost giant skeletons
  5 ice statues
  16 naga magi
  12 smoke demons
  4 iron dragon skeletons
  A titan simulacrum (Coc:2)
  41 rust devils
  11 water nymphs
  9 stone giant skeletons
  7 molten gargoyles
  14 guardian serpents
  2 eyes of devastation (shapeshifter)
  11 vault sentinels
  A torpor snail (Lair:6)
  2 gargoyles
  2 storm dragon simulacra
  A spiny frog (shapeshifter) (Depths:1)
  An orange demon (Pan)
  5 rime drakes
  4 emperor scorpion zombies
  A shock serpent skeleton (Tar:7)
  5 dire elephant skeletons
  A green draconian zombie (Crypt:2)
  12 spiny frogs
  32 hellions
  34 tormentors
  A catoblepas zombie (Geh:4)
  71 yaktaurs
  5 efreet
  A kobold demonologist (Crypt:2)
  A komodo dragon (shapeshifter) (Elf:1)
  A pale draconian skeleton (Crypt:2)
  A demonic crawler (Pan)
  A white draconian skeleton (Crypt:2)
  A rime drake (shapeshifter) (Vaults:4)
  10 komodo dragons
  33 guardian mummies
  5 tengu conjurers
  2 catoblepas skeletons
  3 hellwings (Pan)
  2 red draconian skeletons (Crypt:2)
  23 red devils
  46 ice devils
  A silent spectre (Tar:5)
  10 trolls
  55 freezing wraiths
  3 meliai
  5 harpy zombies
  31 merfolk
  6 wind drakes
  A shadow dragon simulacrum (Tomb:3)
  A polar bear (Lair:2)
  20 hydra zombies
  5 hornets
  5 hydra skeletons
  2 harpy skeletons
  A jumping spider (shapeshifter) (Vaults:2)
  A wolf spider simulacrum (Crypt:3)
  A wind drake (shapeshifter) (D:14)
  A hornet (shapeshifter) (Depths:5)
  4 spriggan zombies
  14 slime creatures
  Prince Ribbit (D:9)
  10 alligator zombies
  2 bog bodies (Crypt:2)
  9 ettin zombies
  4 ice dragon zombies
  11 snapping turtles
  4 fire dragon zombies
  2 fire giant simulacra
  4 dream sheep (Shoals:3)
  A deep troll zombie (Hell)
  A slime creature (shapeshifter) (Vaults:3)
  11 hippogriffs
  38 shadows
  A frost giant simulacrum (Coc:1)
  2 black mamba zombies
  3 air elementals
  A deep troll skeleton (D:15)
  A dire elephant simulacrum (Coc:3)
  2 fire dragon skeletons
  192 flying skulls
  8 redbacks
  A ynoxinul (Pan)
  A human (shapeshifter) (Depths:3)
  3 spriggans
  4 ice dragon skeletons
  57 wraiths
  12 ushabtiu
  5 ettin skeletons
  A spriggan skeleton (Depths:2)
  4 wyverns
  3 elf zombies
  A vampire (D:14)
  28 water elementals
  32 fire elementals
  7 alligator skeletons
  57 yaks
  A fire bat (shapeshifter) (Elf:3)
  2 golden eyes (shapeshifter)
  A hog (shapeshifter) (Depths:3)
  A black mamba skeleton (Coc:1)
  8 fire bats
  3 hogs (D:7)
  4 vampire mosquitoes (D:14)
  5 basilisks
  A steam dragon (shapeshifter) (Vaults:4)
  A human (D:7)
  7 hungry ghosts
  Menkaure (D:4)
  A soldier ant (D:14)
  A soldier ant (shapeshifter) (Vaults:3)
  A spectral spiny frog (Crypt:3)
  A faun skeleton (Crypt:1)
  49 nagas
  3 wargs
  12 spiny frog zombies
  Duvessa (D:4)
  2 acid dragons
  4 hydra simulacra
  A torturous demonspawn skeleton (Coc:5)
  A floating eye (Depths:2)
  84 hell hounds
  A merfolk skeleton (Crypt:2)
  5 porcupines
  18 water moccasins
  3 black bears
  12 ice beasts
  7 snapping turtle zombies
  2 swamp dragon zombies
  A fire dragon simulacrum (Crypt:1)
  An ice dragon simulacrum (Coc:1)
  3 spiny frog skeletons
  An ettin simulacrum (Crypt:1)
  40 orc warriors
  5 phantoms
  A lindwurm zombie (Crypt:1)
  32 necrophages
  3 sky beasts
  2 swamp dragon skeletons
  6 wolves
  47 ogres
  7 crocodiles
  6 boggarts
  14 centaurs
  A snapping turtle skeleton (Dis:5)
  A big kobold (D:12)
  4 human zombies
  Blork the orc (D:5)
  16 bullfrogs
  An elf skeleton (Geh:7)
  3 spiny frog simulacra
  5 earth elementals
  An ogre simulacrum (Vaults:1)
  2 wyvern skeletons
  A warg zombie (Crypt:1)
  Dowan (D:4)
  3 scorpions
  6 killer bees (D:12)
  3 human simulacra (Vaults:2)
  A shapeshifter zombie (Crypt:1)
  2 snapping turtle simulacra
  89 wights
  4 electric eels
  A howler monkey (D:6)
  2 bullfrog zombies
  5 centaur zombies
  11 crimson imps
  A wolf skeleton (Crypt:1)
  3 hounds
  A wyvern simulacrum (D:11)
  A basilisk zombie (Crypt:2)
  5 centaur skeletons
  5 jellies
  Crazy Yiuf (D:5)
  A quasit (D:9)
  24 orc priests
  A basilisk skeleton (Crypt:2)
  2 bullfrog skeletons
  2 gnoll shamans
  Ijyb (D:4)
  35 iron imps
  Jessica (D:2)
  32 orc wizards
  4 iguanas
  13 worker ants
  A human skeleton (Tar:2)
  A big kobold zombie (Crypt:2)
  A naga zombie (Dis:7)
  2 hound zombies
  A hound skeleton (D:5)
  45 mummies
  10 gnolls
  27 adders
  9 shadow imps
  30 white imps
  4 oozes
  An adder zombie (D:7)
  2 adder skeletons
  7 worms
  2 dart slugs
  8 leopard geckos
  94 orcs
  10 giant cockroaches
  5 hobgoblins
  8 jackals
  11 kobolds
  6 quokkas
  5 ball pythons
  13 bats
  8 frilled lizards
  A giant cockroach zombie (Crypt:2)
  18 goblins
  2 jackal skeletons (D:6)
  A kobold skeleton (Tar:5)
  2 kobold zombies
  A leopard gecko skeleton (D:9)
  An orc skeleton (Tomb:3)
  A quokka skeleton (D:9)
  4 rats
  A rat skeleton (Crypt:1)
  A crawling corpse (Elf:3)
  2 fungi
  7 plants
  7 tentacles
  A withered plant (D:15)
4200 creatures vanquished.

Vanquished Creatures (collateral kills)
  Ereshkigal (Tar:7)
  An ancient lich (Tomb:2)
  9 greater mummies
  6 shard shrikes
  12 bone dragons
  A profane servitor (Crypt:3)
  A hellephant (Hell)
  15 Tzitzimimeh
  9 Brimstone Fiends
  7 doom hounds
  4 Ice Fiends
  2 liches
  3 Hell Sentinels
  5 iron giants
  A deep elf master archer (Elf:3)
  A quicksilver dragon (Dis:7)
  8 ancient champions
  A sphinx (Tomb:1)
  2 Executioners (Dis:7)
  4 shadow dragons
  4 frost giants
  3 fire giants
  A deep elf sorcerer (Elf:3)
  5 balrugs
  A cacodemon (Dis:7)
  A curse skull (Crypt:3)
  4 elemental wellsprings
  25 reapers
  2 war gargoyles (Dis:7)
  A stone giant (Tomb:2)
  5 bennus
  3 vampire knights
  A lorocyproca (Hell)
  5 mummy priests
  A kraken zombie (Coc:1)
  3 jiangshi
  13 blizzard demons
  4 quicksilver dragon zombies
  2 hell beasts (Hell)
  7 ice dragons
  3 quicksilver dragon skeletons
  11 death scarabs
  4 titan zombies
  18 hell hogs
  2 dancing weapons (Dis:7)
  A vampire mage (Crypt:2)
  An orc high priest (Crypt:2)
  An iron golem (Hell)
  A deep elf knight (Crypt:2)
  5 sun demons
  7 soul eaters
  66 skeletal warriors
  3 shadow wraiths (Tar:7)
  2 storm dragon zombies
  16 hell knights
  3 titan skeletons
  3 golden dragon zombies
  7 shadow demons
  A death drake (Tar:6)
  2 storm dragon skeletons
  11 anaconda zombies
  A ghost moth zombie (Coc:7)
  A golden dragon skeleton (Coc:7)
  9 phantasmal warriors
  4 anaconda skeletons
  7 flayed ghosts
  3 shadow dragon zombies
  3 necromancers
  A shadow dragon skeleton (Coc:5)
  3 wolf spider zombies
  3 deep elf magi (Tomb:2)
  6 frost giant zombies
  2 fire giant zombies
  7 iron dragon zombies
  4 stone giant zombies
  4 iron dragon skeletons
  5 fire giant skeletons
  6 frost giant skeletons
  An ice statue (Hell)
  18 rust devils
  6 stone giant skeletons
  5 dire elephant zombies
  3 shock serpent zombies
  5 molten gargoyles (Geh:7)
  3 smoke demons (Hell)
  2 catoblepas zombies
  An orange demon (Hell)
  16 hellions
  A yaktaur zombie (Hell)
  A dire elephant skeleton (Geh:7)
  3 efreet
  31 tormentors
  29 ice devils
  23 freezing wraiths
  A kobold demonologist (Crypt:2)
  19 guardian mummies
  A ghost moth simulacrum (Coc:3)
  A demonic crawler (Hell)
  19 hydra zombies
  A catoblepas skeleton (Tomb:3)
  10 red devils
  A golden dragon simulacrum (Coc:1)
  3 harpy zombies
  2 large abominations (Crypt:3)
  2 harpy skeletons
  2 silent spectres
  3 ettin zombies
  2 ice dragon zombies
  6 hydra skeletons
  6 alligator zombies
  A deep troll zombie (Hell)
  8 fire dragon zombies
  69 flying skulls
  A fire dragon skeleton (Geh:2)
  2 ettin skeletons
  2 black mamba zombies
  5 ice dragon skeletons
  2 alligator skeletons
  6 water elementals
  17 shadows
  7 ushabtiu
  A hungry ghost (Coc:6)
  8 wraiths
  2 fire bats
  13 fire elementals
  2 black mamba skeletons
  2 merfolk zombies
  3 hydra simulacra
  9 spiny frog zombies
  4 ice beasts
  41 hell hounds
  A merfolk skeleton (Geh:4)
  5 spiny frog skeletons
  9 phantoms
  An ice dragon simulacrum (Coc:7)
  3 swamp dragon zombies
  2 alligator simulacra
  5 snapping turtle zombies
  A boggart (Crypt:2)
  2 manticore skeletons
  19 necrophages
  2 snapping turtle skeletons
  A swamp dragon skeleton (Tar:7)
  An elf zombie (Geh:6)
  A spiny frog simulacrum (Coc:6)
  39 wights
  A spriggan skeleton (Tomb:3)
  A troll skeleton (Tar:1)
  2 crimson imps
  A human zombie (Coc:1)
  5 iron imps
  A naga skeleton (Geh:7)
  14 mummies
  4 shadow imps
  18 white imps
  2 tentacles
994 creatures vanquished.

Vanquished Creatures (others)
  Vashnia (Snake:2)
  A nagaraja (Snake:4)
  A fire giant (D:6)
  An elemental wellspring (Coc:7)
  A naga warrior (Snake:4)
  2 satyrs
  2 naga sharpshooters
  2 hell hogs
  A sun demon (Hell)
  A hell knight (Hell)
  A shadow wraith (Vaults:4)
  A flayed ghost (Geh:3)
  A spark wasp zombie (Hell)
  A faun (Shoals:3)
  A black mamba (Snake:4)
  A guardian serpent (Snake:4)
  A hellion (Geh:7)
  A hellwing (Pan)
  2 flying skulls
  A black mamba zombie (Geh:7)
  2 water elementals
  2 fire bats (Pan)
  2 humans (D:13)
  2 orc warriors
  2 slaves (D:6)
  2 ogres
  A boggart (Crypt:2)
  4 wights (Geh:5)
  2 orc wizards
  An adder (D:6)
  6 orcs
  12 fungi
  A lost soul (Tar:4)
  21 plants
  8 tentacles
  A withered plant (D:15)
93 creatures vanquished.

Grand Total: 5287 creatures vanquished

Notes
Turn   | Place    | Note
-------+----------+-------------------------------------------
     0 | D:1      | kraedy the Gargoyle Fighter began the quest for the Orb.
     0 | D:1      | Reached XP level 1. HP: 14/14 MP: 1/1
   104 | D:1      | Reached XP level 2. HP: 16/19 MP: 2/2
   659 | D:2      | Reached XP level 3. HP: 24/24 MP: 3/3
   670 | D:2      | Noticed Jessica
   679 | D:2      | Killed Jessica
   679 | D:2      | Reached skill level 1 in Spellcasting
   734 | D:2      | Reached XP level 4. HP: 23/29 MP: 5/5
  1219 | D:3      | Reached XP level 5. HP: 33/33 MP: 7/7
  2180 | D:4      | Reached XP level 6. HP: 13/38 MP: 8/8
  2386 | D:4      | Noticed Menkaure
  2398 | D:4      | Killed Menkaure
  2501 | D:4      | Noticed Dowan
  2506 | D:4      | Noticed Duvessa
  2518 | D:4      | Killed Dowan
  2543 | D:4      | Killed Duvessa
  2543 | D:4      | Reached XP level 7. HP: 19/44 MP: 10/10
  2882 | D:4      | Noticed Ijyb
  2914 | D:4      | Killed Ijyb
  2971 | D:4      | Found Diden's Magic Scroll Shop.
  2981 | D:4      | Bought a scroll of enchant weapon for 82 gold pieces
  2981 | D:4      | Bought a scroll of remove curse for 33 gold pieces
  2981 | D:4      | Bought a scroll of identify for 22 gold pieces
  2984 | D:4      | Bought a scroll of identify for 22 gold pieces
  2989 | D:4      | Gained mutation: You have a pair of small horns on your
                  | head. [potion of mutation]
  2989 | D:4      | Gained mutation: Scrolls take you a little longer to read.
                  | [potion of mutation]
  2989 | D:4      | Gained mutation: You have a somewhat thin skeletal
                  | structure. (Dex +2, Stealth) [potion of mutation]
  3142 | D:5      | Entered Level 5 of the Dungeon
  3174 | D:5      | Noticed Blork the orc
  3184 | D:5      | Killed Blork the orc
  3184 | D:5      | Reached skill level 5 in Polearms
  3225 | D:5      | Found a runed translucent door.
  3226 | D:5      | Noticed Crazy Yiuf
  3234 | D:5      | Killed Crazy Yiuf
  3276 | D:5      | Reached skill level 5 in Fighting
  3276 | D:5      | Reached skill level 1 in Dodging
  3335 | D:5      | Found a glowing drain.
  3361 | Sewer    | Entered a sewer
  3560 | Sewer    | Reached XP level 8. HP: 48/49 MP: 12/12
  4828 | D:6      | Noticed Pikel
  4841 | D:6      | Killed Pikel
  4841 | D:6      | Reached skill level 5 in Shields
  4841 | D:6      | Reached XP level 9. HP: 46/55 MP: 12/14
  5053 | D:6      | Found a staircase to the Ecumenical Temple.
  5060 | Temple   | Entered the Ecumenical Temple
  5208 | Temple   | Became a worshipper of Warmaster Okawaru
  5478 | D:6      | Found a sacrificial altar of Ru.
  5698 | D:6      | Found a shimmering blue altar of Sif Muna.
  5877 | D:6      | Reached * piety under Okawaru
  5990 | D:7      | Noticed Joseph
  6015 | D:7      | Reached skill level 5 in Armour
  6036 | D:7      | Killed Joseph
  6090 | D:7      | You fall into a shaft and drop 2 floors!
  6120 | D:9      | Reached ** piety under Okawaru
  6274 | D:7      | Reached XP level 10. HP: 48/61 MP: 16/16
  6493 | D:7      | Reached *** piety under Okawaru
  6763 | D:7      | Noticed Harold
  6794 | D:7      | Killed Harold
  6794 | D:7      | Reached **** piety under Okawaru
  6794 | D:7      | Reached skill level 5 in Spellcasting
  6857 | D:8      | Reached skill level 1 in Invocations
  7077 | D:8      | Reached skill level 10 in Polearms
  7340 | D:9      | Found a staircase to the Orcish Mines.
  7357 | D:9      | Found a staircase to the Lair.
  7363 | Orc:1    | Entered Level 1 of the Orcish Mines
  7363 | Orc:1    | Noticed an orc knight
  7559 | Lair:1   | Entered Level 1 of the Lair of Beasts
  7602 | D:9      | Noticed Prince Ribbit
  7627 | D:9      | Killed Prince Ribbit
  7858 | D:9      | Reached ***** piety under Okawaru
  7932 | D:9      | Reached XP level 11. HP: 60/68 MP: 18/18
  8277 | D:10     | Entered Level 10 of the Dungeon
  8597 | D:10     | Found a basalt altar of Yredelemnul.
  9200 | D:11     | Noticed a cyclops
  9244 | D:11     | Received a gift from Okawaru
  9290 | D:11     | Got a brightly glowing dagger {god gift}
  9314 | D:11     | Killed a cyclops
  9320 | D:11     | Noticed a wizard
  9322 | D:11     | Noticed a manticore
  9322 | D:11     | Noticed a centaur warrior
  9389 | D:11     | Noticed a skeletal warrior
  9396 | D:11     | Noticed a skeletal warrior
  9397 | D:11     | Noticed a skeletal warrior
  9443 | D:11     | Killed a skeletal warrior
  9484 | D:10     | Killed a skeletal warrior
  9493 | D:10     | Identified the +4 dagger of the Foremost Wishes {vorpal,
                  | *Slow rPois rF+} (Okawaru gifted it to you on level 11 of
                  | the Dungeon)
  9707 | Lair:1   | Got a distressingly furry helmet
  9747 | Lair:1   | You fall into a shaft and drop 1 floor!
  9799 | Lair:2   | You fall into a shaft and drop 2 floors!
  9812 | Lair:4   | Received a gift from Okawaru
  9967 | Lair:4   | Noticed Josephine
  9991 | Lair:4   | Killed Josephine
  9999 | Lair:4   | Reached XP level 12. HP: 49/75 MP: 13/21
 11327 | Lair:2   | Received a gift from Okawaru
 11333 | Lair:2   | Got a pair of crude boots {god gift}
 11357 | Lair:2   | Identified the +0 pair of boots of Jugum {rF- Int+2 Dex+4
                  | Stlth+} (Okawaru gifted it to you on level 2 of the Lair of
                  | Beasts)
 11394 | Lair:2   | Reached skill level 5 in Invocations
 11461 | Lair:2   | Noticed a five-headed hydra
 11490 | Lair:2   | Killed a five-headed hydra
 11679 | Lair:2   | Found a staircase to the Snake Pit.
 13055 | Lair:3   | Found a staircase to the Shoals.
 13153 | Shoals:1 | Entered Level 1 of the Shoals
 13177 | Shoals:1 | Reached XP level 13. HP: 57/82 MP: 17/23
 13255 | Lair:4   | Reached skill level 10 in Fighting
 13393 | Lair:4   | Received a gift from Okawaru
 14559 | Lair:5   | Received a gift from Okawaru
 14562 | Lair:5   | Got a pair of twisted gloves {god gift}
 14573 | Lair:5   | Identified the +0 pair of gloves of Watchfulness {Dex+3}
                  | (Okawaru gifted it to you on level 5 of the Lair of Beasts)
 15246 | Lair:6   | Entered Level 6 of the Lair of Beasts
 15455 | Lair:6   | Received a gift from Okawaru
 15493 | Lair:6   | Got a pair of polished gloves {god gift}
 15504 | Lair:6   | Identified the +2 pair of gloves of Polytheism {rElec Str+4
                  | Dex+2} (Okawaru gifted it to you on level 6 of the Lair of
                  | Beasts)
 15662 | Lair:6   | Got a steaming golden ring
 15687 | Lair:6   | Gained mutation: Your large and strong wings let you fly
                  | indefinitely. [Gargoyle growth]
 15687 | Lair:6   | Reached XP level 14. HP: 75/90 MP: 20/25
 15921 | Lair:6   | Found a viscous altar of Jiyva.
 15922 | Lair:6   | Found a staircase to the Slime Pits.
 15927 | Slime:1  | Entered Level 1 of the Pits of Slime
 15927 | Slime:1  | Noticed an azure jelly
 16073 | Lair:6   | Identified the ring of Mupt {+Blink MR- MP+9 Dex+4} (You
                  | found it on level 6 of the Lair of Beasts)
 16259 | Lair:6   | Noticed a dire elephant
 16278 | Lair:6   | Killed a dire elephant
 16528 | Lair:6   | Lost mutation: You have a pair of small horns on your head.
                  | [potion of mutation]
 16528 | Lair:6   | Lost mutation: Scrolls take you a little longer to read.
                  | [potion of mutation]
 16528 | Lair:6   | Lost mutation: You have a somewhat thin skeletal structure.
                  | (Dex +2, Stealth) [potion of mutation]
 16528 | Lair:6   | Gained mutation: You are dopey. (Int -2) [potion of
                  | mutation]
 16528 | Lair:6   | Gained mutation: You are resistant to hostile enchantments.
                  | (MR+) [potion of mutation]
 16559 | Lair:6   | Identified the +4 helmet of Narcissism {rElec} (You found
                  | it on level 1 of the Lair of Beasts)
 16628 | Lair:6   | Noticed a dire elephant
 16628 | Lair:6   | Noticed a dire elephant
 16655 | Lair:6   | Killed a dire elephant
 16665 | Lair:6   | Killed a dire elephant
 16690 | Lair:6   | Got a crude whip
 16696 | Lair:6   | Identified the +7 whip "Giantbane" {antimagic, rC- rN+
                  | Int+3 Dex+4} (You found it on level 6 of the Lair of
                  | Beasts)
 16749 | Lair:6   | Noticed a dire elephant
 16772 | Lair:6   | Killed a dire elephant
 16772 | Lair:6   | Reached skill level 10 in Shields
 16959 | Lair:6   | Noticed a dire elephant
 17001 | Lair:6   | Killed a dire elephant
 17126 | Lair:6   | Noticed a dire elephant
 17154 | Lair:6   | Killed a dire elephant
 17154 | Lair:6   | Received a gift from Okawaru
 18475 | D:11     | Noticed Erica
 18486 | D:11     | Killed Erica
 19647 | D:13     | Found Hainkosh's Magic Scroll Boutique.
 19686 | D:13     | Bought a scroll of identify for 24 gold pieces
 19686 | D:13     | Bought a scroll of holy word for 90 gold pieces
 19686 | D:13     | Bought a scroll of identify for 24 gold pieces
 19686 | D:13     | Bought a scroll of summoning for 114 gold pieces
 19686 | D:13     | Bought a scroll of identify for 24 gold pieces
 19747 | D:13     | Reached ****** piety under Okawaru
 19747 | D:13     | Received a gift from Okawaru
 19776 | D:13     | Reached XP level 15. HP: 89/96 MP: 25/27
 19784 | D:13     | Got ancient swamp dragon scales {god gift}
 19795 | D:13     | Identified the +0 swamp dragon scales of Coammada {rPois
                  | Str-5 SInv Stlth+} (Okawaru gifted it to you on level 13 of
                  | the Dungeon)
 19815 | D:13     | Noticed Snorg
 19850 | D:13     | Killed Snorg
 20017 | D:13     | Noticed Kirke
 20049 | D:13     | Killed Kirke
 20223 | D:13     | Found Dazedur's Distillery.
 20473 | D:13     | Noticed Rupert
 20498 | D:13     | Killed Rupert
 20537 | D:13     | Found Tibeaxaps's Distillery.
 20545 | D:13     | Lost mutation: You are dopey. (Int -2) [potion of mutation]
 20545 | D:13     | Lost mutation: You are resistant to hostile enchantments.
                  | (MR+) [potion of mutation]
 20545 | D:13     | Gained mutation: You occasionally shout uncontrollably at
                  | your foes. [potion of mutation]
 20545 | D:13     | Gained mutation: You possess an exceptional clarity of
                  | mind. [potion of mutation]
 20545 | D:13     | Gained mutation: You have sharp toenails. [potion of
                  | mutation]
 20546 | D:13     | Lost mutation: You occasionally shout uncontrollably at
                  | your foes. [potion of mutation]
 20546 | D:13     | Lost mutation: You possess an exceptional clarity of mind.
                  | [potion of mutation]
 20546 | D:13     | Lost mutation: You have sharp toenails. [potion of
                  | mutation]
 20546 | D:13     | Gained mutation: You have a pair of small antennae on your
                  | head. [potion of mutation]
 20546 | D:13     | Gained mutation: You are partially covered in rugged brown
                  | scales. (AC +1, +3% HP) [potion of mutation]
 20546 | D:13     | Gained mutation: You are agile. (Dex +2) [potion of
                  | mutation]
 20549 | D:13     | Bought a potion of mutation for 152 gold pieces
 20651 | D:13     | Found Votzun's Food Boutique.
 20753 | D:13     | Found Lyilyom's Distillery.
 20762 | D:13     | Bought a potion of heal wounds for 90 gold pieces
 20762 | D:13     | Bought a potion of haste for 180 gold pieces
 21086 | D:14     | Found a gate to the Vaults.
 21902 | D:14     | Found a glowing golden altar of the Shining One.
 22158 | D:15     | Entered Level 15 of the Dungeon
 22158 | D:15     | Noticed Louise
 22194 | D:14     | Received a gift from Okawaru
 22374 | D:15     | Cast into level 2 of the Abyss (Louise)
 22390 | Abyss:2  | Found a hide-covered altar of Uskayaw.
 22406 | D:15     | Escaped the Abyss
 22433 | D:15     | Killed Louise
 22761 | D:15     | Found a stormy altar of Qazlal.
 23166 | D:15     | Found a staircase to the Depths.
 23624 | D:15     | Found Soneiskest's General Store.
 23626 | D:15     | Found Hihiv's Jewellery Shoppe.
 23635 | D:15     | Found Headicva's Book Shoppe.
 23639 | D:15     | Found Qaisenum's Food Shoppe.
 23650 | D:15     | Lost mutation: You have a pair of small antennae on your
                  | head. [potion of mutation]
 23650 | D:15     | Lost mutation: You are agile. (Dex +2) [potion of mutation]
 23650 | D:15     | Gained mutation: You are agile. (Dex +2) [potion of
                  | mutation]
 23650 | D:15     | Gained mutation: Your movements are slightly less
                  | encumbered by armour. (ER -2) [potion of mutation]
 23651 | D:15     | Lost mutation: Your movements are slightly less encumbered
                  | by armour. (ER -2) [potion of mutation]
 23651 | D:15     | Lost mutation: You are agile. (Dex +2) [potion of mutation]
 23651 | D:15     | Gained mutation: You are covered in fur. (AC +1) [potion of
                  | mutation]
 23651 | D:15     | Gained mutation: Armour fits poorly on your strangely
                  | shaped body. [potion of mutation]
 23651 | D:15     | Gained mutation: You have a pair of small horns on your
                  | head. [potion of mutation]
 23652 | D:15     | Lost mutation: Armour fits poorly on your strangely shaped
                  | body. [potion of mutation]
 23652 | D:15     | Lost mutation: You have a pair of small horns on your head.
                  | [potion of mutation]
 23652 | D:15     | Gained mutation: You are partially covered in molten
                  | scales. (AC +2) [potion of mutation]
 23652 | D:15     | Lost mutation: You are covered in fur. (AC +1) [potion of
                  | mutation]
 23652 | D:15     | Gained mutation: Your flesh is cold resistant. (rC+)
                  | [potion of mutation]
 23652 | D:15     | Gained mutation: You are partially covered in yellow
                  | scales. (AC +2) [potion of mutation]
 23653 | D:15     | Bought a potion of mutation for 136 gold pieces
 23793 | D:15     | Received a gift from Okawaru
 23794 | D:15     | Found the +8 orange crystal plate armour {Archmagi, Int+3
                  | Clar}
 23870 | Depths:1 | Entered Level 1 of the Depths
 24755 | Orc:1    | Noticed Urug
 24768 | Orc:1    | Noticed an orc warlord
 24796 | Orc:1    | Noticed Sonja
 24816 | Orc:1    | Killed Sonja
 24836 | Orc:1    | Killed an orc warlord
 24836 | Orc:1    | Reached XP level 16. HP: 78/107 MP: 27/29
 24859 | Orc:1    | Killed Urug
 25179 | D:13     | Bought a scroll of enchant weapon for 90 gold pieces
 25423 | Orc:2    | Entered Level 2 of the Orcish Mines
 25450 | Orc:2    | Found a staircase to the Elven Halls.
 25524 | Elf:1    | Entered Level 1 of the Elven Halls
 25894 | Orc:2    | Reached skill level 15 in Polearms
 26089 | Orc:2    | Paralysed by an orc sorcerer for 4 turns
 26105 | Orc:2    | Found Osupn's Antique Armour Shop.
 26105 | Orc:2    | Found Raythaa's Distillery.
 26107 | Orc:2    | Found Haorghu's Antique Weapon Shop.
 26107 | Orc:2    | Found Pienwyr's Jewellery Shoppe.
 26164 | Orc:2    | Bought a pair of runed boots for 240 gold pieces
 26243 | Orc:2    | Found Dupn's Assorted Antiques.
 26246 | Orc:2    | Bought a scroll of identify for 70 gold pieces
 26440 | Snake:1  | Entered Level 1 of the Snake Pit
 26471 | Snake:1  | Found Uzxeim's General Store.
 26474 | Snake:1  | Found Coazxon's Gadget Shoppe.
 26474 | Snake:1  | Found Ecuerra's Distillery.
 26479 | Snake:1  | Found Ytyvokatel's Antique Weapon Shoppe.
 26482 | Snake:1  | Bought a wand of digging (7) for 286 gold pieces
 26504 | Snake:1  | Bought a potion of heal wounds for 80 gold pieces
 26507 | Snake:1  | Bought a potion of heal wounds for 55 gold pieces
 26559 | Snake:1  | Noticed Aizul
 26582 | Snake:1  | Killed Aizul
 26631 | Snake:1  | Got a pair of warped boots
 26652 | Snake:1  | Identified the +2 pair of boots "Cadoed" {+Fly} (You found
                  | it on level 1 of the Snake Pit)
 26795 | Snake:1  | Received a gift from Okawaru
 27194 | Snake:2  | Reached skill level 10 in Armour
 27293 | Snake:2  | Noticed a nagaraja
 27382 | Snake:2  | Received a gift from Okawaru
 27410 | Snake:2  | Got a shimmering hat {god gift}
 27421 | Snake:2  | Identified the +0 hat "Igges" {rC+ rN+ Stlth+} (Okawaru
                  | gifted it to you on level 2 of the Snake Pit)
 27464 | Snake:2  | Noticed Vashnia
 27506 | Snake:2  | Killed Vashnia
 27601 | Snake:2  | Reached XP level 17. HP: 115/115 MP: 30/30
 27765 | Snake:2  | Noticed Agnes
 27789 | Snake:2  | Killed Agnes
 27789 | Snake:2  | Reached skill level 15 in Fighting
 28665 | Snake:3  | Noticed Jorgrun
 28709 | Snake:3  | Killed Jorgrun
 28739 | Snake:3  | Received a gift from Okawaru
 29101 | Snake:3  | Found a runed translucent door.
 29104 | Snake:3  | Noticed Kuothruwau's ghost (adept MfIE)
 29148 | Snake:3  | Killed Kuothruwau's ghost
 29266 | Snake:3  | Received a gift from Okawaru
 29622 | Snake:4  | Entered Level 4 of the Snake Pit
 29759 | Snake:4  | Reached XP level 18. HP: 123/123 MP: 22/31
 29820 | Snake:4  | Received a gift from Okawaru
 29825 | Snake:4  | Got a faintly humming ring mail {god gift}
 29853 | Snake:4  | Reached skill level 15 in Shields
 29853 | Snake:4  | Reached skill level 10 in Invocations
 30509 | Snake:4  | Received a gift from Okawaru
 30654 | Snake:4  | Got a serpentine rune of Zot
 30694 | Snake:4  | Received a gift from Okawaru
 30718 | Snake:4  | Identified a +1 pair of boots of running (Okawaru gifted it
                  | to you on level 4 of the Snake Pit)
 30997 | Snake:4  | Reached XP level 19. HP: 131/131 MP: 32/32
 31580 | Temple   | Identified the +4 ring mail of Peek-a-Boo {rC+ Dex+2}
                  | (Okawaru gifted it to you on level 4 of the Snake Pit)
 31592 | Temple   | Upgraded the game from 0.25-a0-780-g622e69b31f to
                  | 0.25-a0-781-gc44aebf4fe
 31924 | Shoals:1 | Found Oster's Weapon Shoppe.
 32481 | Shoals:2 | Found a runed translucent door.
 32483 | Shoals:2 | Noticed Pairaxt's ghost (adept DDFi)
 32535 | Shoals:2 | Killed Pairaxt's ghost
 32893 | Shoals:3 | Noticed Donald
 32924 | Shoals:3 | Killed Donald
 32967 | Shoals:3 | Received a gift from Okawaru
 33070 | Shoals:3 | Found Tanoem's Assorted Antiques.
 33073 | Shoals:3 | Bought a glowing demon trident for 522 gold pieces
 33642 | Shoals:4 | Entered Level 4 of the Shoals
 33935 | Shoals:4 | Noticed Mara
 33983 | Shoals:4 | Noticed kraedy's illusion
 33983 | Shoals:4 | Killed Mara
 33983 | Shoals:4 | Received a gift from Okawaru
 34056 | Shoals:4 | Noticed Ilsuiw
 34096 | Shoals:4 | Killed Ilsuiw
 34107 | Shoals:4 | Reached XP level 20. HP: 141/141 MP: 33/33
 34216 | Shoals:4 | Identified the ring of Pocles {rN+ Stlth-}
 34309 | Shoals:4 | Got a slimy platinum ring
 34354 | Shoals:4 | Got a barnacled rune of Zot
 34426 | Shoals:4 | Identified Roxanne's Papyrus of Stones
 34426 | Shoals:4 | Noticed Roxanne
 34473 | Shoals:4 | Received a gift from Okawaru
 34510 | Shoals:4 | Identified the ring "Metysaad" {Str+4 Dex+2} (You found it
                  | on level 4 of the Shoals)
 34546 | Shoals:4 | Found Agyplo's Antique Armour Shop.
 34554 | Shoals:4 | Bought a shimmering buckler for 294 gold pieces
 34554 | Shoals:4 | Bought a runed helmet for 232 gold pieces
 34578 | Shoals:4 | Identified the cursed +0 buckler "Qaduwna" {MR++ rCorr
                  | Int-3} (You bought it in a shop on level 4 of the Shoals)
 34978 | Vaults:1 | Entered Level 1 of the Vaults
 35062 | Vaults:1 | Found Zaowak's Assorted Antiques.
 36732 | Vaults:2 | Received a gift from Okawaru
 36849 | Vaults:2 | Found a staircase to the Crypt.
 37039 | Vaults:2 | Found Qohiabru's Armour Shop.
 37379 | Vaults:2 | Received a gift from Okawaru
 37487 | Vaults:2 | Identified a scroll of acquirement
 37760 | Vaults:3 | Noticed Margery
 37771 | Vaults:3 | Reached XP level 21. HP: 148/148 MP: 26/34
 37788 | Vaults:3 | Killed Margery
 38092 | Vaults:3 | Received a gift from Okawaru
 38143 | Vaults:3 | Got a dazzling spear {god gift}
 38145 | Vaults:3 | Identified the +0 spear "Depsyst" {drain, +Blink +Inv
                  | Int+3} (Okawaru gifted it to you on level 3 of the Vaults)
 38363 | Vaults:3 | Found Ciumidd's Assorted Antiques.
 39004 | Vaults:4 | Received a gift from Okawaru
 39248 | Vaults:4 | Received a gift from Okawaru
 39327 | Vaults:4 | Reached skill level 5 in Dodging
 39482 | Vaults:4 | Reached XP level 22. HP: 150/157 MP: 35/35
 40684 | Temple   | Identified the +0 hat "Bucwadwa" {Stlth+} (You acquired it
                  | in the Ecumenical Temple)
 41061 | D:11     | Received a gift from Okawaru
 41508 | Depths:1 | You are sucked into a shaft and drop 1 floor!
 41511 | Depths:2 | Noticed a juggernaut
 41527 | Depths:2 | Killed a juggernaut
 41546 | Depths:2 | Found a transporter.
 41571 | Depths:2 | Found a radiant altar of Vehumet.
 41598 | Depths:2 | Paralysed by a floating eye for 3 turns
 41633 | Depths:2 | Noticed an ancient lich
 41674 | Depths:2 | Killed an ancient lich
 41728 | Depths:2 | Found a transporter.
 41751 | Depths:2 | Received a gift from Okawaru
 41832 | Depths:2 | Got a faintly glowing amber ring
 41833 | Depths:2 | Identified the ring "Komeo" {*Tele MP+9 Int+8} (You found
                  | it on level 2 of the Depths)
 41836 | Depths:2 | Got a crude hat
 41837 | Depths:2 | Identified the +1 hat of Elyvilon's Hope {rC++ rCorr Str-5}
                  | (You found it on level 2 of the Depths)
 42015 | Depths:2 | Found a gateway to Hell.
 43109 | Depths:3 | Reached skill level 10 in Spellcasting
 43124 | Depths:3 | Reached XP level 23. HP: 160/166 MP: 37/37
 43269 | Depths:3 | Received a gift from Okawaru
 43416 | Depths:3 | Identified the +5 great mace of Joot {protect, Int+6}
 43514 | Depths:3 | Found Dimp's Gadget Emporium.
 43519 | Depths:3 | Found Laaxouxog's Jewellery Boutique.
 43520 | Depths:3 | Found Qeugod's Gadget Emporium.
 43535 | Depths:3 | Bought an uncursed amulet of regeneration for 360 gold
                  | pieces
 43797 | Depths:3 | Received a gift from Okawaru
 43800 | Depths:3 | Got a translucent crystal plate armour {god gift}
 43801 | Depths:3 | Identified the +1 crystal plate armour "Relunn" {rC++
                  | Regen+} (Okawaru gifted it to you on level 3 of the Depths)
 43999 | Depths:3 | Found a one-way gate leading to the halls of Pandemonium.
 44033 | Depths:4 | Found Huejoran's Island Escapes.
 44040 | Depths:4 | Bought the ring "Sidghaomp" {MR++ Dex-5 Slay+2 Stlth+} for
                  | 431 gold pieces
 44056 | Depths:4 | Found Fibb's Jewellery Shoppe.
 44074 | Depths:4 | Bought the macabre finger necklace {rN+} for 560 gold
                  | pieces
 44074 | Depths:4 | Found the macabre finger necklace {rN+}
 45024 | Depths:4 | Found a one-way gate to the infinite horrors of the Abyss.
 45057 | Depths:5 | Entered Level 5 of the Depths
 45127 | Depths:5 | Received a gift from Okawaru
 45130 | Depths:5 | Got a bloodstained halberd {god gift}
 45162 | Depths:5 | Identified the +10 halberd "Nojyfoopp" {vamp, rN+ MR+
                  | Dex+4} (Okawaru gifted it to you on level 5 of the Depths)
 45261 | Depths:5 | Reached XP level 24. HP: 164/176 MP: 37/37
 45384 | Depths:5 | Noticed a caustic shrike
 45385 | Depths:5 | Noticed a caustic shrike
 45385 | Depths:5 | Noticed a caustic shrike
 45398 | Depths:5 | Killed a caustic shrike
 45411 | Depths:5 | Killed a caustic shrike
 45413 | Depths:5 | Killed a caustic shrike
 45419 | Depths:5 | Found a gate to the Realm of Zot.
 45510 | Depths:5 | Received a gift from Okawaru
 45527 | Depths:5 | Got a pair of jewelled gloves {god gift}
 45528 | Depths:5 | Identified the +2 pair of gloves of Ytoma {+Inv rC++}
                  | (Okawaru gifted it to you on level 5 of the Depths)
 45759 | Depths:5 | Found a gateway to a ziggurat.
 45912 | Depths:5 | Found a shimmering altar of Xom.
 46690 | Vaults:5 | Entered Level 5 of the Vaults
 46730 | Vaults:5 | Reached skill level 1 in Evocations
 46869 | Vaults:5 | Received a gift from Okawaru
 47210 | Vaults:5 | Paralysed by a floating eye for 2 turns
 47263 | Vaults:4 | Reached XP level 25. HP: 183/183 MP: 37/37
 47282 | Vaults:5 | Identified the +10 glaive of Disarray {protect, rElec MR-
                  | Dex+3}
 47293 | Vaults:5 | Identified the amulet "Ubiat" {Harm *Drain rF+ Str-3 Dex+2}
 47462 | Vaults:4 | Received a gift from Okawaru
 47536 | Vaults:5 | Reached skill level 5 in Evocations
 47865 | Vaults:5 | Got a polished chain mail {god gift}
 47992 | Vaults:5 | Found Nadefi's Magic Scroll Boutique.
 48003 | Vaults:5 | Found Wegiyh's Magic Scroll Emporium.
 48036 | Vaults:5 | Received a gift from Okawaru
 48085 | Vaults:5 | Found Niguth's Distillery.
 48222 | Vaults:5 | Got a pitted kite shield
 48287 | Vaults:5 | Identified the ring of Oqyuw {rPois rF- rC++ Stlth-}
 48324 | Vaults:5 | Reached skill level 15 in Armour
 48490 | Vaults:5 | Identified the +2 glaive "Jixadgh" {freeze, Int+10}
 48527 | Vaults:5 | Got a silver rune of Zot
 48561 | Vaults:5 | Received a gift from Okawaru
 48829 | Vaults:5 | Identified the +1 chain mail of Least Resistance {Stlth+}
                  | (Okawaru gifted it to you on level 5 of the Vaults)
 48830 | Vaults:5 | Identified the +0 kite shield of the Eight Boll Weevils
                  | {*Slow rF+ Str-4 Dex+7} (You found it on level 5 of the
                  | Vaults)
 48891 | Vaults:5 | Identified the ring "Vomanwo Imoi" {Int+5 Dex+2}
 49460 | Vaults:5 | Bought 2 potions of heal wounds for 110 gold pieces
 49460 | Vaults:5 | Bought a potion of mutation for 88 gold pieces
 49774 | Temple   | Lost mutation: You are partially covered in rugged brown
                  | scales. (AC +1, +3% HP) [potion of mutation]
 49774 | Temple   | Lost mutation: Your flesh is cold resistant. (rC+) [potion
                  | of mutation]
 49774 | Temple   | Gained mutation: You evolve. [potion of mutation]
 49774 | Temple   | Gained mutation: You are mostly covered in molten scales.
                  | (AC +3) [potion of mutation]
 49774 | Temple   | Gained mutation: Your flesh is cold resistant. (rC+)
                  | [potion of mutation]
 49802 | Temple   | Fell from the grace of Okawaru
 49802 | Temple   | Became a worshipper of the Shining One
 50160 | Crypt:1  | Entered Level 1 of the Crypt
 50280 | Crypt:1  | Reached * piety under the Shining One
 50503 | Crypt:1  | Noticed Xtahua
 50527 | Crypt:1  | Killed Xtahua
 50527 | Crypt:1  | Reached XP level 26. HP: 175/186 MP: 37/37
 50930 | Crypt:1  | Reached ** piety under the Shining One
 51184 | Crypt:2  | Reached *** piety under the Shining One
 51581 | Crypt:2  | Reached **** piety under the Shining One
 51838 | Crypt:2  | Reached ***** piety under the Shining One
 52292 | Crypt:2  | Identified the amulet of Deosezy {RegenMP MP+9 Str-3 Dex+3}
 52648 | Crypt:2  | Found a shimmering blue altar of Sif Muna.
 52840 | Crypt:3  | Entered Level 3 of the Crypt
 52875 | Crypt:3  | Noticed Jory
 52895 | Crypt:3  | Killed Jory
 52985 | Crypt:3  | Found a basalt altar of Yredelemnul.
 53060 | Crypt:3  | Reached ****** piety under the Shining One
 53080 | Crypt:3  | Identified a +9 trishula of holy wrath (a +9 demon trident
                  | of draining blessed by the Shining One)
 53080 | Crypt:3  | Received a gift from the Shining One
 53158 | Crypt:3  | Identified Iclaud's Catalogue of Evil
 53543 | Crypt:3  | Found a staircase to the Tomb.
 53904 | Tomb:1   | Entered Level 1 of the Tomb of the Ancients
 53965 | Tomb:1   | Noticed a greater mummy
 53967 | Tomb:1   | Noticed Khufu
 53971 | Tomb:1   | Noticed a greater mummy
 53973 | Tomb:1   | Killed a greater mummy
 53980 | Tomb:1   | Killed Khufu
 53987 | Tomb:1   | Killed a greater mummy
 53987 | Tomb:1   | Reached XP level 27. HP: 186/192 MP: 37/37
 54183 | Tomb:1   | Noticed a greater mummy
 54193 | Tomb:1   | Killed a greater mummy
 54390 | Tomb:1   | Noticed a greater mummy
 54404 | Tomb:1   | Killed a greater mummy
 54677 | Tomb:1   | Noticed a greater mummy
 54685 | Tomb:1   | Killed a greater mummy
 54739 | Tomb:2   | Noticed a greater mummy
 54740 | Tomb:2   | Noticed a greater mummy
 54742 | Tomb:2   | Noticed an ancient lich
 54742 | Tomb:2   | Noticed a greater mummy
 54751 | Tomb:2   | Killed a greater mummy
 54754 | Tomb:2   | Killed a greater mummy
 54754 | Tomb:2   | Reached skill level 15 in Invocations
 54757 | Tomb:2   | Killed a greater mummy
 54757 | Tomb:2   | Killed an ancient lich
 55609 | Tomb:3   | Entered Level 3 of the Tomb of the Ancients
 55654 | Tomb:3   | Noticed a greater mummy
 55660 | Tomb:3   | Noticed a greater mummy
 55670 | Tomb:3   | Noticed a greater mummy
 55671 | Tomb:3   | Noticed a greater mummy
 55672 | Tomb:3   | Gained mutation: You do not regenerate when monsters are
                  | visible. [a neqoxec]
 55674 | Tomb:3   | Killed a greater mummy
 55677 | Tomb:3   | Noticed a greater mummy
 55677 | Tomb:3   | Killed a greater mummy
 55679 | Tomb:3   | Noticed a greater mummy
 55680 | Tomb:3   | Noticed a greater mummy
 55681 | Tomb:3   | Killed a greater mummy
 55682 | Tomb:3   | Killed a greater mummy
 55683 | Tomb:3   | Noticed a greater mummy
 55689 | Tomb:3   | Killed a greater mummy
 55692 | Tomb:3   | Killed a greater mummy
 55692 | Tomb:3   | Reached skill level 10 in Dodging
 55698 | Tomb:3   | Killed a greater mummy
 55710 | Tomb:3   | Noticed a greater mummy
 55713 | Tomb:3   | Killed a greater mummy
 55720 | Tomb:3   | Killed a greater mummy
 55761 | Tomb:3   | Found the +12 Vampire's Tooth {vamp}
 55800 | Tomb:3   | Identified the Volume of Moulding and Protection
 56211 | Tomb:3   | Got a golden rune of Zot
 56752 | D:14     | Gained mutation: Your skin changes colour to match your
                  | surroundings (Stealth+). [evolution]
 56775 | D:13     | Lost mutation: You are mostly covered in molten scales. (AC
                  | +3) [potion of mutation]
 56775 | D:13     | Lost mutation: Your flesh is cold resistant. (rC+) [potion
                  | of mutation]
 56775 | D:13     | Lost mutation: You do not regenerate when monsters are
                  | visible. [potion of mutation]
 56775 | D:13     | Lost mutation: You evolve. [potion of mutation]
 56775 | D:13     | Gained mutation: You have a pair of small horns on your
                  | head. [potion of mutation]
 56776 | D:13     | Lost mutation: You are partially covered in yellow scales.
                  | (AC +2) [potion of mutation]
 56776 | D:13     | Lost mutation: You are partially covered in molten scales.
                  | (AC +2) [potion of mutation]
 56776 | D:13     | Gained mutation: Your natural rate of healing is unusually
                  | fast. [potion of mutation]
 56776 | D:13     | Gained mutation: You have sharp fingernails. [potion of
                  | mutation]
 56777 | D:13     | Lost mutation: You have a pair of small horns on your head.
                  | [potion of mutation]
 56777 | D:13     | Lost mutation: Your skin changes colour to match your
                  | surroundings (Stealth+). [potion of mutation]
 56777 | D:13     | Lost mutation: You have sharp fingernails. [potion of
                  | mutation]
 56777 | D:13     | Lost mutation: Your natural rate of healing is unusually
                  | fast. [potion of mutation]
 56777 | D:13     | Gained mutation: Your magical capacity is low. (-10% MP)
                  | [potion of mutation]
 56777 | D:13     | Gained mutation: You are agile. (Dex +2) [potion of
                  | mutation]
 56779 | D:13     | Bought a scroll of holy word for 90 gold pieces
 56959 | Temple   | Was forgiven by Okawaru
 57583 | Elf:1    | Identified Ygoil's Guide on Confrontation
 58040 | Elf:1    | Identified the Tome of Heat
 58135 | Elf:1    | Identified the Incunabulum of Spatial Flight
 58477 | Elf:2    | Found a runed translucent gate.
 58477 | Elf:2    | Found a runed translucent gate.
 58477 | Elf:2    | Found a runed translucent gate.
 58556 | Elf:2    | Found Jif Nip's Book Emporium.
 59119 | Elf:3    | Entered Level 3 of the Elven Halls
 59353 | Elf:3    | Found a runed translucent door.
 59418 | Elf:3    | Identified the ring of Kuaxzana {Wiz Int+3}
 59572 | Elf:3    | Identified the +4 chain mail of Disappointment {+Fly rN+
                  | MP-9 Dex+5}
 59640 | Elf:3    | Identified the cursed +0 robe of Siohuo Nuip {rCorr Stlth+}
 59658 | Elf:3    | Identified the +2 robe "Gygha" {MR+ Slay+5}
 59783 | Elf:3    | Reached skill level 10 in Evocations
 59895 | Elf:3    | Got a bound iron ring
 59921 | Elf:3    | Identified the ring "Riasaq" {+Fly rF+ MR- Slay+2 SInv}
                  | (You found it on level 3 of the Elven Halls)
 60167 | Elf:3    | Found a shimmering altar of Xom.
 60167 | Elf:3    | Noticed bmpenner's ghost (adept OgFE)
 60190 | Elf:3    | Killed bmpenner's ghost
 61185 | D:13     | Bought a potion of ambrosia for 152 gold pieces
 61185 | D:13     | Bought a potion of curing for 57 gold pieces
 61185 | D:13     | Bought 2 potions of might for 152 gold pieces
 61229 | D:13     | Bought 2 potions of magic for 304 gold pieces
 61443 | Depths:1 | Noticed an ancient lich
 61452 | Depths:1 | Killed an ancient lich
 61464 | Depths:1 | Identified the Almanac of Dark Shape Shifting
 61761 | Depths:1 | Found a runed translucent gate.
 61762 | Depths:1 | Found a runed translucent gate.
 61763 | Depths:1 | Found a runed translucent gate.
 61766 | Depths:1 | Found the +2 Maxwell's thermic engine {flame, freeze}
 61766 | Depths:1 | Found a runed translucent gate.
 61766 | Depths:1 | Found a runed translucent gate.
 61766 | Depths:1 | Found a runed translucent gate.
 61874 | Depths:1 | Identified the +10 demon blade of Ment {venom, *Slow rElec
                  | Int+4 Dex+2}
 62073 | Hell     | Entered the Vestibule of Hell
 62073 | Hell     | Noticed Geryon
 62076 | Hell     | Identified the cursed +0 tower shield of Demo {rF+ rN+
                  | Int+3}
 62084 | Hell     | Killed Geryon
 62254 | Hell     | Found a gateway to the freezing wastes of Cocytus.
 62294 | Hell     | Found a gateway to the decaying netherworld of Tartarus.
 62343 | Hell     | Found a gateway to the ashen valley of Gehenna.
 62391 | Hell     | Found a gateway to the Iron City of Dis.
 62546 | Tar:1    | Entered Level 1 of Tartarus
 65031 | Tar:4    | Identified the +7 tower shield of Duck's Teeth {-Tele +Fly
                  | rPois rCorr}
 65575 | Tar:4    | Gained mutation: You tend to lose your temper in combat. [a
                  | neqoxec]
 67142 | Tar:7    | Entered Level 7 of Tartarus
 67945 | Tar:7    | Learned a level 2 spell: Blink
 68121 | Tar:7    | Reached skill level 1 in Translocations
 68123 | Tar:7    | Identified the Almanac of Supportive Enchantment
 68675 | Tar:7    | Noticed Ereshkigal
 68719 | Tar:7    | Killed Ereshkigal
 68745 | Tar:7    | Got a bone rune of Zot
 69094 | Dis:1    | Entered Level 1 of the Iron City of Dis
 70413 | Dis:2    | Upgraded the game from 0.25-a0-781-gc44aebf4fe to
                  | 0.25-a0-782-g655279ceaa
 71613 | Dis:4    | Reached skill level 5 in Translocations
 73353 | Dis:6    | Lost mutation: You tend to lose your temper in combat.
                  | [potion of mutation]
 73353 | Dis:6    | Lost mutation: You are agile. (Dex +2) [potion of mutation]
 73353 | Dis:6    | Gained mutation: Your spells are a little easier to cast,
                  | but a little less powerful. [potion of mutation]
 73353 | Dis:6    | Gained mutation: You have a pair of small horns on your
                  | head. [potion of mutation]
 73354 | Dis:6    | Lost mutation: Your magical capacity is low. (-10% MP)
                  | [potion of mutation]
 73354 | Dis:6    | Lost mutation: You have a pair of small horns on your head.
                  | [potion of mutation]
 73354 | Dis:6    | Gained mutation: Scrolls take you a little longer to read.
                  | [potion of mutation]
 73354 | Dis:6    | Lost mutation: Scrolls take you a little longer to read.
                  | [potion of mutation]
 73747 | Dis:7    | Entered Level 7 of the Iron City of Dis
 74022 | Dis:7    | Reached skill level 27 in Fighting
 74047 | Dis:7    | Got a bound glass ring
 74049 | Dis:7    | Got a smoking amber ring
 74074 | Dis:7    | Identified the ring "Xaupien" {Ice rElec Int+5 Stlth+} (You
                  | found it on level 7 of the Iron City of Dis)
 74075 | Dis:7    | Identified the ring of Duxugg {rElec rC+ Dex+4} (You found
                  | it on level 7 of the Iron City of Dis)
 74079 | Dis:7    | Noticed the Serpent of Hell
 74090 | Dis:7    | Killed the Serpent of Hell
 74220 | Dis:7    | Gained mutation: Armour fits poorly on your strangely
                  | shaped body. [a cacodemon]
 74655 | Dis:7    | Identified the +4 staff of Dispater
 74655 | Dis:7    | Noticed Dispater
 74675 | Dis:7    | Killed Dispater
 74693 | Dis:7    | Got an iron rune of Zot
 74705 | Dis:7    | Identified the Catalogue of the Escort
 75181 | Coc:1    | Entered Level 1 of Cocytus
 76122 | Coc:2    | Reached skill level 27 in Invocations
 76310 | Coc:2    | Learned a level 3 spell: Recall
 76313 | Coc:2    | Learned a level 2 spell: Passwall
 76320 | Coc:2    | Learned a level 6 spell: Dispersal
 76333 | Coc:2    | Learned a level 3 spell: Teleport Other
 76351 | Coc:2    | Learned a level 8 spell: Controlled Blink
 78251 | Coc:5    | Reached skill level 10 in Translocations
 78992 | Coc:7    | Entered Level 7 of Cocytus
 79415 | Coc:7    | Got a translucent trident
 79423 | Coc:7    | Identified the +4 trident of Wyrd {elec, rElec rC+ rN+
                  | Str-4} (You found it on level 7 of Cocytus)
 79627 | Coc:7    | Noticed Antaeus
 79663 | Coc:7    | Killed Antaeus
 79742 | Coc:7    | Got an icy rune of Zot
 79924 | Coc:7    | Found the +7 captain's cutlass {speed, disarm}
 80111 | Geh:1    | Entered Level 1 of Gehenna
 80636 | Geh:2    | Reached skill level 15 in Spellcasting
 83130 | Geh:7    | Entered Level 7 of Gehenna
 83797 | Geh:7    | Identified the +1 robe "Peseblea" {Str+4}
 84032 | Geh:7    | Identified the +7 sceptre of Asmodeus
 84032 | Geh:7    | Noticed Asmodeus
 84045 | Geh:7    | Killed Asmodeus
 84080 | Geh:7    | Got an obsidian rune of Zot
 84602 | Depths:4 | Bought a potion of haste for 140 gold pieces
 84894 | Snake:1  | Bought 2 potions of haste for 220 gold pieces
 84897 | Snake:1  | Bought a potion of haste for 160 gold pieces
 84897 | Snake:1  | Bought a potion of haste for 160 gold pieces
 84900 | Snake:1  | Bought a bloodstained spear for 280 gold pieces
 84903 | Snake:1  | Identified the +5 spear "Geapat" {venom, +Blink rPois Dex-5
                  | Stlth+} (You bought it in a shop on level 1 of the Snake
                  | Pit)
 85339 | D:15     | Bought a ration for 50 gold pieces
 85339 | D:15     | Bought a ration for 50 gold pieces
 85339 | D:15     | Bought a ration for 50 gold pieces
 85339 | D:15     | Bought a ration for 50 gold pieces
 85339 | D:15     | Bought a ration for 50 gold pieces
 85339 | D:15     | Bought a ration for 50 gold pieces
 85339 | D:15     | Bought a ration for 50 gold pieces
 85345 | D:15     | Bought 2 potions of resistance for 340 gold pieces
 85345 | D:15     | Bought a ration for 85 gold pieces
 85345 | D:15     | Bought a ration for 85 gold pieces
 85603 | Pan      | Entered Pandemonium
 85618 | Pan      | Noticed Deipu the pandemonium lord
 85625 | Pan      | Killed Deipu the pandemonium lord
 86493 | Pan      | Killed from afar by a hellion

Levels and vault maps discovered:
D:1:      heliophobic_arrival_dark_side_of_the_moon, layout_basic, nrook_uturn
D:2:      layout_rooms, kennysheep_generic_room_15, uniq_jessica
D:3:      layout_loops_corners
D:4:      layout_basic, serial_shops, shop, uniq_duvessa, uniq_menkaure,
          uniq_ijyb
D:5:      layout_loops_cross, first_ration, gup_sewer_entry_glass,
          uniq_crazy_yiuf_cottage, uniq_blork_the_orc
D:6:      layout_cave_pods, overflow_temple_1_default,
          minmay_temple_entry_junction, nicolae_ru_path_of_blood, uniq_pikel
D:7:      layout_rooms, grunt_livestock, uniq_joseph, uniq_harold
D:8:      layout_basic
D:9:      layout_roguey, david_lair_shrubbed, orc_0_dummy, uniq_prince_ribbit1
D:10:     layout_roguey, basic_altar
D:11:     layout_rooms, enter_bailey_3, minivault_12, uniq_erica
D:12:     layout_basic
D:13:     layout_irregular_city, serial_shops, nicolae_shop_behind_doors, shop,
          nicolae_shop_trees, shop_scrolls,
          nicolae_shop_temple_entry_statues_fountains, fountainhead, uniq_kirke,
          uniq_snorg, uniq_rupert
D:14:     layout_loops_ring, david_vaults_1, tso_altar
D:15:     gammafunk_depths_entry_grave, layout_layer_cave, lemuel_round_altar,
          minmay_shop_grid_forest, uniq_louise
Temple:   roderic_octagonal_lattice_temple
Lair:1:   layout_regular_city, serial_bayou_shore_b, lemuel_fruit_tree
Lair:2:   layout_long_grid, minmay_snake_entry_six_corridors,
          lemuel_fruit_fields
Lair:3:   layout_regular_city, elwin_shoals_entry_rooms, grunt_megastairs_1
Lair:4:   layout_roguey, infiniplex_staircase_pool, uniq_josephine
Lair:5:   layout_cave_pods, chequers_serial_rivers_marsh, grunt_megastairs_2,
          minmay_lair_oklob_chamber
Lair:6:   due_jungle_book, layout_regular_city, dpeg_slime_entry_enclosed_altar
Shoals:1: cheibrodos_shoals_baths, layout_shoals, serial_shops, shop_coins
Shoals:2: layout_shoals, ebering_ghost_inner_flame
Shoals:3: layout_shoals, serial_shops, nicolae_shop_behind_doors, uniq_donald
Shoals:4: shoals_end_simple, layout_shoals, shoals_ilsuiw_ice, serial_shops,
          nicolae_shop_waterfront, nicolae_shoals_wave_tunnel, uniq_roxanne,
          uniq_mara
Snake:1:  layout_concentric_octagons, minmay_shoptagon, uniq_aizul
Snake:2:  minmay_snake_river, layout_basic, serial_bayou_shore_a, uniq_agnes,
          uniq_vashnia
Snake:3:  layout_cave_shapes, gammafunk_ghost_grave, uniq_jorgrun
Snake:4:  snake_hunt, layout_chambers, corexii_hall_statues_l,
          serial_bayou_lagoon_a, grunt_ministairs_6
Slime:1:  layout_caves
Orc:1:    layout_diamond_mine, nicolae_orc_flooded_monolith, uniq_urug,
          uniq_sonja
Orc:2:    grunt_orc_tribal_feast, layout_diamond_mine, serial_shops,
          nicolae_shop_behind_doors
Elf:1:    elf_arrival_002, layout_onion_city, minmay_elf_annihilation
Elf:2:    layout_geoelf_diagonals, serial_shops, nicolae_shop_stone,
          lemuel_elevator
Elf:3:    grunt_elf_hall_diamonds, layout_gridlike, ebering_ghost_xom
Vaults:1: nicolae_vaults_rhombus_5, nicolae_vaults_back_hallway, v_misc_1,
          v_misc_25, vaults_room_grunt_arrival_ludios, ontoclasm_vaults_gateway,
          layout_vaults_omnigrid, serial_shops, nicolae_shop_crystal
Vaults:2: nicolae_vaults_little_squares_4, v_misc_26, v_misc_29,
          blue_anna_dwarven_crypt, ontoclasm_vaults_hangar,
          dpeg_vaults_monster_box, hangedman_vaults_pinch,
          nicolae_vaults_little_squares_1, ontoclasm_vaults_shuriken,
          nicolae_vaults_diagonal_hallway_9, vaults_room_door_ring,
          layout_vaults_omnicross, serial_shops, shop_fountains
Vaults:3: hangedman_vaults_river_flow, hangedman_vaults_corner_blocks, v_misc_5,
          st_eye, v_misc_14, ontoclasm_vaults_idyll,
          nicolae_vaults_circle_grid_a, hangedman_vaults_maws, serial_ice_h,
          nicolae_vaults_asterisk, vaults_room_ringed_pool, grunt_vaults_twisty,
          ontoclasm_vaults_pinch, layout_vaults_omnibox, serial_shops,
          nicolae_shop_trees, uniq_margery
Vaults:4: nicolae_vaults_an_arrangement, nicolae_vaults_rhombus_6,
          nicolae_vaults_mini_display_case, v_misc_16,
          ontoclasm_vaults_ring_large, nicolae_vaults_little_squares_3,
          nicolae_vaults_little_squares_2, v_misc_1, hangedman_vaults_snaps,
          vaults_room_corners, layout_vaults_big_room
Vaults:5: serial_shops
Crypt:1:  layout_catacombs, uniq_xtahua
Crypt:2:  layout_chaotic_city, hangedman_summoners_spam
Crypt:3:  grunt_crypt_end_deaths_head, uniq_jory
Tomb:1:   uniq_khufu
Tomb:2
Tomb:3
Depths:1: layout_roguey [special_room_magic_class], minmay_misc_feat_diagonals,
          hellmouth_1, brannock_guarded_unrand_thermic_engine
Depths:2: gammafunk_sealed_library, layout_basic, hell_entry,
          serial_sigils_hangedman_etch
Depths:3: minmay_the_grid_net [minmay_the_grid_armoury, minmay_the_grid_mess,
          minmay_the_grid_plusring, minmay_the_grid_x,
          minmay_the_grid_pillar_ring, minmay_the_grid_prize_diamond_cup],
          layout_gridville, hell_entry, grunt_pan_entry_in_and_out,
          minmay_shop_grove
Depths:4: minmay_box_of_statues, layout_gridlike, grunt_hell_entry_dis_old,
          serial_shops, nicolae_shop_stone, abyss_entry, serial_glass,
          glass_columns_a, glass_columns_a, glass_columns_a, glass_columns_b,
          nicolae_island_escapes
Depths:5: evilmike_zot_entry_diamond, layout_cave_pools, enter_ziggurat_e,
          minmay_misc_feat_cross, grunt_mini_vestibule, tgw_xom
Hell
Dis:1:    layout_overlapping_boxes
Dis:2:    layout_regular_city
Dis:3:    layout_regular_city, lemuel_elevator
Dis:4:    layout_gridville
Dis:5:    layout_regular_city
Dis:6:    layout_gridville
Dis:7:    dis_hangedman
Geh:1:    layout_gehenna_pools_box
Geh:2:    layout_gehenna_pools_basic, nicolae_geh_fiery_graves
          [nicolae_geh_single_fiery_grave, nicolae_geh_single_fiery_grave,
          nicolae_geh_single_fiery_grave, nicolae_geh_single_fiery_grave,
          nicolae_geh_single_fiery_grave, nicolae_geh_single_fiery_grave,
          nicolae_geh_single_fiery_grave, nicolae_geh_single_fiery_grave,
          nicolae_geh_single_fiery_grave], lemuel_old_faithful
Geh:3:    layout_gehenna_lava_caves
Geh:4:    layout_gehenna_lava_caves
Geh:5:    layout_gehenna_pools_triple, lemuel_flamethrower_2, lemuel_elevator
Geh:6:    layout_gehenna_lava_caves
Geh:7:    geh_grunt_pentagon
Coc:1:    layout_ice_bergs, serial_ice, serial_ice_c, serial_ice_g,
          serial_ice_h, serial_ice_o
Coc:2:    layout_cocytus_water_paths
Coc:3:    layout_ice_bergs, serial_ice, serial_ice_d, serial_ice_m
Coc:4:    layout_ice_bergs
Coc:5:    layout_ice_bergs
Coc:6:    layout_cocytus_water_paths
Coc:7:    coc_mu
Tar:1:    layout_grid_maze
Tar:2:    layout_cathedral_of_symmetry, nicolae_tar_cuneiform_not
Tar:3:    layout_cathedral_of_symmetry, lemuel_elevator
Tar:4:    hangedman_damned_closets, layout_grid_maze
Tar:5:    layout_honeycomb
Tar:6:    layout_grid_maze, nicolae_tar_cuneiform_two
Tar:7:    tar_mu [tar_mu_maze]
Pan:      lemuel_hellion_island, layout_irregular_city

Skill      XL: |  1  2  3  4  5  6  7  8  9 10 11 12 13 14 15 16 17 18 19 20 21 22 23 24 25 26 27 |
---------------+----------------------------------------------------------------------------------+-----
Polearms       | 2 3 4 5 7 8 10 11 12 13 14 15 16 17 18 19 20 21 26 | 26.7
Spellcasting   | 1 2 3 4 5 6 7 8 9 10 15 | 15.7
Fighting       | 4 5 6 7 8 9 11 12 13 14 16 17 18 19 20 22 23 24 27 | 27.0
Shields        | 4 5 6 7 8 9 11 12 13 14 15 17 18 19 20 24 | 24.2
Armour         | 4 5 6 7 8 9 10 11 12 13 14 15 16 22 | 22.3
Dodging        | 1 2 3 5 6 7 8 9 11 | 11.7
Invocations    | 2 3 5 7 8 9 10 11 12 13 14 27 | 27.0
Evocations     | 4 7 8 13 | 13.1
Translocations | 12 | 12.0

Action                   |  1- 3 |  4- 6 |  7- 9 | 10-12 | 13-15 | 16-18 | 19-21 | 22-24 | 25-27 || total
-------------------------+-------+-------+-------+-------+-------+-------+-------+-------+-------++-------
Melee: Trident           |    92 |   265 |   479 |  1161 |  1958 |    42 |       |       |   783 ||  4780
       Headbutt          |       |       |    77 |   281 |   184 |       |       |       |       ||   542
       Demon trident     |       |       |       |       |       |  1636 |  2254 |  2170 |   621 ||  6681
       Trishula          |       |       |       |       |       |       |       |       |  4361 ||  4361
 Cast: Blink             |       |       |       |       |       |       |       |       |     1 ||     1
Invok: Heroism           |       |       |     2 |     8 |    20 |    11 |     5 |    12 |     4 ||    62
       Finesse           |       |       |       |     4 |    17 |    11 |     5 |    12 |     4 ||    53
       Cleansing Flame   |       |       |       |       |       |       |       |       |   415 ||   415
       Summon Divine War |       |       |       |       |       |       |       |       |   183 ||   183
       Divine Shield     |       |       |       |       |       |       |       |       |    18 ||    18
       Brand Weapon With |       |       |       |       |       |       |       |       |     1 ||     1
 Abil: Fly               |       |       |       |       |     1 |       |       |       |     1 ||     2
       Stop Flying       |       |       |       |       |       |       |       |       |     1 ||     1
Evoke: Wand              |       |       |       |       |     2 |       |       |     2 |     1 ||     5
  Use: Potion            |       |     3 |     7 |     3 |    10 |     1 |       |     5 |    38 ||    67
       Scroll            |       |       |     8 |     6 |    12 |     9 |     3 |    16 |    34 ||    88
 Stab: Invisible         |       |       |       |       |     6 |    12 |       |       |       ||    18
  Eat: Chunk             |       |     5 |    10 |    21 |    27 |    12 |    23 |    18 |    66 ||   182
       Ration            |       |       |     1 |     1 |     4 |     3 |     1 |     2 |    48 ||    60
Armor: Scale mail        |    38 |   141 |   184 |       |       |       |       |       |       ||   363
       Chain mail        |       |       |    87 |   418 |   576 |       |       |       |       ||  1081
       Crystal plate arm |       |       |       |       |    48 |   812 |  1409 |  1809 |  4139 ||  8217
       Plate armour      |       |       |       |       |    48 |       |       |       |       ||    48
Dodge: Dodged            |    26 |    79 |   140 |   240 |   443 |   228 |   481 |   599 |  1680 ||  3916
Block: Kite shield       |    44 |   146 |   252 |   470 |   971 |  1192 |   699 |       |       ||  3774
       Reflection        |       |       |       |       |     3 |   148 |    51 |       |       ||   202
       Buckler           |       |       |       |       |       |       |   406 |   739 |  2070 ||  3215

Table legend:
 A = Non-vault XP
 B = Vault XP
 C = Vault XP percentage of total XP
 D = Non-vault monster count
 E = Vault monster count
 F = Vault count percentage of total count
                 A         B        C        D         E       F
            +---------+---------+-------+---------+---------+-------
      Total | 1830928 | 1265232 |  40.9 |    3699 |    1429 |  27.9
            +---------+---------+-------+---------+---------+-------
        D:1 |      31 |       0 |   0.0 |      17 |       0 |   0.0
        D:2 |      63 |      38 |  37.6 |      20 |       2 |   9.1
        D:3 |     144 |       0 |   0.0 |      32 |       0 |   0.0
        D:4 |     103 |     423 |  80.4 |      21 |       4 |  16.0
        D:5 |     276 |     174 |  38.7 |       9 |       6 |  40.0
        D:6 |    1191 |     663 |  35.8 |      27 |       1 |   3.6
        D:7 |    1251 |    2436 |  66.1 |      19 |       7 |  26.9
        D:8 |     856 |       0 |   0.0 |      17 |       0 |   0.0
        D:9 |    1452 |     597 |  29.1 |      30 |       2 |   6.2
       D:10 |    2542 |       0 |   0.0 |      21 |       0 |   0.0
       D:11 |    5877 |    6629 |  53.0 |      31 |      16 |  34.0
       D:12 |   10018 |       0 |   0.0 |      55 |       0 |   0.0
       D:13 |    4964 |    6197 |  55.5 |      36 |       3 |   7.7
       D:14 |    9654 |    2020 |  17.3 |      31 |       3 |   8.8
       D:15 |   10994 |    7082 |  39.2 |      34 |       9 |  20.9
     Lair:1 |    2877 |       0 |   0.0 |      13 |       0 |   0.0
     Lair:2 |    3508 |    2034 |  36.7 |      14 |      14 |  50.0
     Lair:3 |    4122 |     775 |  15.8 |      15 |       2 |  11.8
     Lair:4 |    9345 |    1940 |  17.2 |      33 |       5 |  13.2
     Lair:5 |    4632 |     444 |   8.7 |      19 |       1 |   5.0
     Lair:6 |   22712 |    2883 |  11.3 |      35 |       5 |  12.5
   Shoals:1 |    6167 |    2729 |  30.7 |      14 |       7 |  33.3
   Shoals:2 |   12305 |    2458 |  16.6 |      24 |       2 |   7.7
   Shoals:3 |   23411 |    1933 |   7.6 |      48 |       1 |   2.0
   Shoals:4 |    7104 |   37454 |  84.1 |      15 |      51 |  77.3
    Snake:1 |   12439 |    1706 |  12.1 |      21 |       1 |   4.5
    Snake:2 |   26948 |   16447 |  37.9 |      49 |      20 |  29.0
    Snake:3 |   23676 |    5054 |  17.6 |      32 |       2 |   5.9
    Snake:4 |   32410 |   57283 |  63.9 |      59 |      62 |  51.2
      Orc:1 |    5689 |    1387 |  19.6 |      56 |       2 |   3.4
      Orc:2 |    4063 |    7397 |  64.5 |      35 |      30 |  46.2
      Elf:1 |   21774 |    7556 |  25.8 |      35 |      12 |  25.5
      Elf:2 |    4360 |   25104 |  85.2 |       6 |      32 |  84.2
      Elf:3 |   17031 |   55916 |  76.7 |      27 |      38 |  58.5
   Vaults:1 |   18267 |    7608 |  29.4 |      31 |      17 |  35.4
   Vaults:2 |   31854 |   14074 |  30.6 |      61 |      17 |  21.8
   Vaults:3 |   23491 |   47202 |  66.8 |      37 |      56 |  60.2
   Vaults:4 |   53208 |   58216 |  52.2 |      64 |      51 |  44.3
   Vaults:5 |   47948 |  109969 |  69.6 |      66 |      78 |  54.2
    Crypt:1 |   15221 |    4681 |  23.5 |      28 |       1 |   3.4
    Crypt:2 |   50213 |    5995 |  10.7 |      66 |      11 |  14.3
    Crypt:3 |       0 |   70986 | 100.0 |       0 |     122 | 100.0
     Tomb:1 |    3428 |   63749 |  94.9 |      15 |      40 |  72.7
     Tomb:2 |   14458 |   44921 |  75.7 |      33 |      53 |  61.6
     Tomb:3 |   10512 |   73476 |  87.5 |      38 |      79 |  67.5
   Depths:1 |   32621 |   53445 |  62.1 |      51 |      48 |  48.5
   Depths:2 |   46092 |   22385 |  32.7 |      55 |      17 |  23.6
   Depths:3 |   31086 |   21633 |  41.0 |      37 |      22 |  37.3
   Depths:4 |   31073 |   23736 |  43.3 |      35 |      21 |  37.5
   Depths:5 |   54403 |   17311 |  24.1 |      40 |      19 |  32.2
       Hell |   16059 |   27944 |  63.5 |      18 |      68 |  79.1
      Dis:1 |   21910 |       0 |   0.0 |      67 |       0 |   0.0
      Dis:2 |   24702 |       0 |   0.0 |      51 |       0 |   0.0
      Dis:3 |   18721 |       0 |   0.0 |      61 |       0 |   0.0
      Dis:4 |   30267 |       0 |   0.0 |      63 |       0 |   0.0
      Dis:5 |   30618 |       0 |   0.0 |      56 |       0 |   0.0
      Dis:6 |   40750 |       0 |   0.0 |      83 |       0 |   0.0
      Dis:7 |   35836 |  134319 |  78.9 |      44 |     117 |  72.7
      Geh:1 |   31663 |       0 |   0.0 |      72 |       0 |   0.0
      Geh:2 |   28636 |       0 |   0.0 |      74 |       0 |   0.0
      Geh:3 |   34900 |       0 |   0.0 |      80 |       0 |   0.0
      Geh:4 |   24345 |       0 |   0.0 |      71 |       0 |   0.0
      Geh:5 |   26933 |       0 |   0.0 |      71 |       0 |   0.0
      Geh:6 |   17847 |       0 |   0.0 |      30 |       0 |   0.0
      Geh:7 |   66644 |   47836 |  41.8 |     118 |      42 |  26.2
      Coc:1 |   20922 |    2417 |  10.4 |      75 |       9 |  10.7
      Coc:2 |   47550 |       0 |   0.0 |     126 |       0 |   0.0
      Coc:3 |   20765 |     295 |   1.4 |      59 |       1 |   1.7
      Coc:4 |   36794 |       0 |   0.0 |      66 |       0 |   0.0
      Coc:5 |   56989 |       0 |   0.0 |      79 |       0 |   0.0
      Coc:6 |   29375 |       0 |   0.0 |      66 |       0 |   0.0
      Coc:7 |   47419 |   56602 |  54.4 |      73 |      92 |  55.8
      Tar:1 |   45755 |       0 |   0.0 |     115 |       0 |   0.0
      Tar:2 |   36737 |       0 |   0.0 |      50 |       0 |   0.0
      Tar:3 |   36552 |       0 |   0.0 |      59 |       0 |   0.0
      Tar:4 |   71540 |   15469 |  17.8 |      97 |      21 |  17.8
      Tar:5 |   36621 |       0 |   0.0 |      70 |       0 |   0.0
      Tar:6 |   48548 |       0 |   0.0 |      77 |       0 |   0.0
      Tar:7 |   69443 |   76369 |  52.4 |      86 |      53 |  38.1
        Pan |   18223 |    7760 |  29.9 |      35 |      12 |  25.5
      Sewer |       0 |      75 | 100.0 |       0 |      22 | 100.0
            +---------+---------+-------+---------+---------+-------
